 Dungeon Crawl Stone Soup version 0.30.0-21-gd299b56b3f (webtiles) character file.

Game seed: 3275646245850331638

350118 qw the Peltast (level 22, -8/152 HPs)
             Began as a Gargoyle Fighter on June 2, 2023.
             Was a High Priest of Okawaru.
             Killed by divine providence
             ... invoked by a living spell
             ... summoned by a walking divine tome
              (12 damage)
             ... on level 3 of the Depths.
             The game lasted 00:39:48 (42697 turns).

qw the Peltast (Gargoyle Fighter)                  Turns: 42697, Time: 00:39:49

Health: -8/152     AC: 61    Str: 30    XL:     22   Next: 20%
Magic:  27/29      EV: 19    Int: 13    God:    Okawaru [*****.]
Gold:   588        SH: 29    Dex: 14    Spells: 21/21 levels left

rFire   . . .        e - +8 mithril axe "Arga" {speed, Will+}
rCold   + . .        u - +0 tower shield "Tuwesm" {Rampage rF- rC+ Will++}
rNeg    + . .        D - +10 plate armour "Suywkipt" {Dex+5}
rPois   inf          j - +1 hat of Egalitarianism {rF+ Regen+ Int+3}
rElec   +            C - +2 cloak
rCorr   .            p - +3 pair of gauntlets of War {Slay+5}
SInv    +            H - +2 pair of boots
Will    ++++.        O - amulet of reflection Stlth
                     o - +5 ring of evasion
HPRegen 1.25/turn    t - ring of see invisible
MPRegen 0.21/turn

%: reflection, rampage
@: about to teleport, heroic, flying
A: sickness immunity, AC +16, big wings, negative energy resistance 1,
electricity resistance, torment resistance 1, petrification resistance
}: 2/15 runes: barnacled, gossamer
a: Renounce Religion, Heroism, Finesse, Duel


You were on level 3 of the Depths.
You worshipped Okawaru.
Okawaru was extremely pleased with you.
You visited 8 branches of the dungeon, and saw 38 of its levels.

You collected 4636 gold pieces.
You spent 4048 gold pieces at shops.


Innate Abilities, Weirdness & Mutations

You are immune to sickness and miasma.
Your stone body is resilient. (AC +16)
You are immune to poison.
Your large and strong wings let you fly.
You resist negative energy. (rN+)
You are resistant to electric shocks. (rElec)
You are resistant to unholy torment.
You are immune to petrification.


   Skills:
 + Level 19.8(24.8) Fighting
 - Level 18.0(23.0) Axes
 - Level 11.0(16.0) Throwing
 - Level 18.0(23.0) Armour
 - Level 8.0(13.0) Dodging
 - Level 20.4(25.4) Shields
 - Level 10.0 Invocations


You had 21 spell levels left.
You didn't know any spells.
Your spell library was empty.

Inventory:

Hand Weapons
 e - the +8 mithril axe "Arga" (weapon) {speed, Will+}
   (You acquired it on level 4 of the Dungeon)

   Will:      It increases your willpower.
 A - a +3 vampiric broad axe
Missiles
 b - 25 boomerangs
 h - 5 silver javelins (quivered)
 B - 17 javelins
 M - 2 silver boomerangs
 N - 4 boomerangs of dispersal
Armour
 j - the +1 hat of Egalitarianism (worn) {rF+ Regen+ Int+3}
   (You acquired it on level 4 of the Dungeon)

   Int:       It affects your intelligence (+3).
   rF:        It protects you from fire.
   Regen:     It increases your rate of health regeneration.
 p - the +3 pair of gauntlets of War (worn) {Slay+5}
   (You acquired it on level 4 of the Dungeon)

   Slay:      It affects your accuracy & damage with ranged weapons and melee
   (+5).
 r - the +0 mask of the Dragon {Will+ Slay+3 SInv}
   (Okawaru gifted it to you on level 1 of the Shoals)

   Slay:      It affects your accuracy & damage with ranged weapons and melee
   (+3).
   SInv:      It lets you see invisible.
   Will:      It increases your willpower.
 u - the +0 tower shield "Tuwesm" (worn) {Rampage rF- rC+ Will++}
   (You acquired it on level 1 of the Vaults)

   rF:        It makes you vulnerable to fire.
   rC:        It protects you from cold.
   Rampage:   It bestows one free step when moving towards enemies.
   Will:      It greatly increases your willpower.
 v - the +5 scale mail of Oblivion {rC++ rCorr Str+3 Dex-5}
   (Okawaru gifted it to you on level 11 of the Dungeon)

   Str:       It affects your strength (+3).
   Dex:       It affects your dexterity (-5).
   rC:        It greatly protects you from cold.
   rCorr:     It protects you from acid and corrosion.
 C - a +2 cloak (worn)
 D - the +10 plate armour "Suywkipt" (worn) {Dex+5}
   (You found it on level 1 of the Vaults)

   Dex:       It affects your dexterity (+5).
 G - a +0 tower shield
 H - a +2 pair of boots (worn)
Jewellery
 o - a +5 ring of evasion (left hand)
 t - a ring of see invisible (right hand)
 x - a ring of fire
 E - a ring of resist corrosion
 F - a ring of resist corrosion
 K - a ring of ice
 L - a ring of protection from fire
 O - an amulet of reflection (around neck)
 Y - a +6 ring of strength
Wands
 w - a wand of digging (11)
Scrolls
 i - 2 scrolls of brand weapon
 n - 22 scrolls of identify
 q - 4 scrolls of enchant weapon
 s - 20 scrolls of teleportation
 I - a scroll of enchant armour
Potions
 a - 5 potions of resistance
 c - 6 potions of magic
 d - 7 potions of might
 f - 8 potions of cancellation
 g - 17 potions of curing
 k - 7 potions of haste
 l - 17 potions of heal wounds
 m - 6 potions of attraction
 z - 7 potions of mutation
 J - a potion of lignification

Dungeon Overview and Level Annotations

Branches:
Dungeon (15/15)            Temple (1/1) D:6            Lair (5/5) D:11
 Shoals (4/4) Lair:3       Spider (4/4) Lair:2        Slime (0/5) Lair:5
    Orc (2/2) D:9             Elf (0/3) Orc:2        Vaults (4/5) D:14
  Crypt (0/3) Vaults:3     Depths (3/4) D:15

Altars:
Ashenzari
Cheibriados
Dithmenos
Elyvilon
Fedhas
Gozag
Hepliaklqana
Kikubaaqudgha
Makhleb
Nemelex Xobeh
Okawaru
Qazlal
Ru
Sif Muna
Trog
Uskayaw
Vehumet
Wu Jian
Xom
Yredelemnul
Zin
The Shining One
Jiyva
Lugonu

Shops:
D:11 =   Orc:1 (   Orc:2 ?[:!   Shoals:3 [   Vaults:1 [   Vaults:3 =*
Vaults:4 [   Depths:1 =   Depths:2 :==

Portals:
Hell: Depths:1 Depths:2
Abyss: Depths:2
Pandemonium: Depths:2
Ziggurat: Depths:1
Trove: D:15 (give +8 demon whip)

Annotations:
D:4 3 runed translucent doors, qw's ghost, novice GrFi
D:8 3 runed translucent doors, qw's ghost, novice GrFi
Shoals:1 1 runed translucent door, Kaerusk's ghost, adept KoBe
Depths:1 1 runed translucent door
Depths:2 1 runed translucent door


Message History

The lich is moderately damaged.
You block the lich's attack.
The tengu reaver gestures at you while chanting.
The bolt of poison hits you but does no damage.
You resist.
You slice the lich like a ripe choko!!!
The lich is severely damaged.
You open the lich like a pillowcase!!!
You destroy the lich!
Okawaru accepts your kill.
The walking divine tome erupts in a flurry of living spells!
You slice the stone giant!!
The stone giant is moderately wounded.
You slash the living spell!
You destroy the living spell!
An iron dragon comes into view.
You hit the stone giant but do no damage.
The stone giant is moderately wounded.
The tengu reaver casts a spell at you. The bolt of cold hits you! You resist.
You hear a loud rustle.
You slice the stone giant!!
The stone giant is heavily wounded.
You slice the stone giant!!
The stone giant is almost dead.
The living spell casts itself at you. Something smites you!
The living spell casts itself at you. Something smites you!
The stone giant hits you!!
The walking divine tome erupts in a flurry of living spells!
42697 ||| READING 21 scrolls of teleportation.
As you read the scroll of teleportation, it crumbles to dust.
You feel strangely unstable.
Your hands slow down.
You block the stone giant's attack. x2
The living spell casts itself at you. Something smites you!
The living spell casts itself at you. Something smites you!
You die...

#...#..###.
##...#..##(.
#.......##.. #####
.###...<### #.. !...
..........# #.. .D.
#..##.)..####.. ..#
.. #<...#..##)##;.#
##.......##.#*Q##)..
#..##<..#[)@CC.CX..
#..#.....().C......
##.##...#.!........
#...#...##.#..##?..
#...#####.##..# ..
##### .. ..# . ..
... #.. $.^.


You could see a tentacled monstrosity, an iron dragon, a frost giant, a walking
divine tome, 3 stone giants, a tengu reaver and a living smiting commandment
(summoned).

Vanquished Creatures
  Mara (Spider:4)
  A juggernaut (Depths:3)
  Arachne (Spider:3)
  A golden dragon (Depths:3)
  3 doom hounds (Depths:2)
  Jorgrun (Shoals:1)
  2 tentacled monstrosities (Depths:3)
  Grunn (Depths:2)
  Rupert (D:12)
  3 liches
  Polyphemus (Shoals:3)
  2 sphinxes
  Kirke (Shoals:2)
  3 shadow dragons (Depths:3)
  Donald (Spider:3)
  A revenant (Vaults:3)
  4 fire giants
  7 emperor scorpions
  4 frost giants
  Aizul (Shoals:1)
  11 vault wardens
  4 broodmothers
  12 ironbound preservers
  4 ghost moths (Spider:4)
  A war gargoyle (Vaults:3)
  2 orc warlords
  2 spriggan defenders (Depths:2)
  A quicksilver ooze (shapeshifter) (Depths:2)
  27 very ugly things
  A vampire knight (Depths:3)
  2 stone giants
  8 ironbound thunderhulks
  A deep elf demonologist (Vaults:3)
  13 dire elephants
  8 spark wasps
  An eidolon (Vaults:3)
  5 ettins
  4 crystal guardians
  2 jiangshi (Depths:3)
  11 merfolk impalers
  5 merfolk javelineers (Shoals:4)
  A deep elf death mage (Vaults:3)
  2 fire dragons
  7 yaktaur captains
  Harold (D:10)
  6 entropy weavers
  4 great orbs of eyes
  A hydra (Lair:4)
  3 catoblepae
  3 spriggan air magi
  7 centaur warriors
  2 rakshasas
  7 ice dragons
  5 peacekeepers
  A jorogumo (shapeshifter) (D:15)
  A radroach (shapeshifter) (Depths:2)
  5 ironbound frosthearts
  4 jorogumos
  4 vault guards
  6 merfolk aquamancers
  4 radroaches
  4 merfolk avatars
  3 satyrs
  2 boulder beetles
  2 alligator snapping turtles
  7 tengu warriors
  16 death yaks
  4 two-headed ogres
  A deep troll shaman (Depths:2)
  4 deep troll earth magi
  2 vampire magi
  2 orc high priests
  Urug (D:13)
  3 spriggans
  Nergalle (Orc:1)
  Sonja (Lair:5)
  A skyshark (shapeshifter) (Depths:3)
  5 skysharks
  A shadow wraith (D:14)
  5 pharaoh ants
  2 sun moths (Spider:3)
  Lodul (D:13)
  27 deep trolls
  9 sea snakes
  2 glowing orange brains (Vaults:1)
  A kraken simulacrum (Shoals:4)
  6 iron trolls (Depths:2)
  5 orb spiders
  5 lindwurms
  9 orc knights
  23 ironbound convokers
  2 necromancers (Vaults:3)
  8 wizards
  A deep elf pyromancer (D:15)
  8 steelbarb worms
  21 wolf spiders
  50 ugly things
  An orange crystal statue (Vaults:2)
  24 harpies
  13 manticores
  6 fauns
  2 cyclopes
  An orc sorcerer (Orc:2)
  2 moths of wrath
  Maurice (D:12)
  3 black mambas
  11 water nymphs
  13 merfolk sirens
  11 demonic crawlers
  25 elephants
  11 vault sentinels
  Joseph (D:10)
  4 torpor snails
  7 rime drakes
  2 unseen horrors
  10 cane toads
  Maggie (D:7)
  A yaktaur (shapeshifter) (Depths:3)
  An elf skeleton (Vaults:3)
  3 kobold demonologists
  13 komodo dragons
  A tengu conjurer (D:13)
  31 yaktaurs
  2 polar bears
  A wind drake (shapeshifter) (D:15)
  15 merfolk
  7 wind drakes
  A wolf spider simulacrum (D:15)
  23 tarantellas
  A hornet (shapeshifter) (D:13)
  6 meliai
  5 trolls
  24 blink frogs
  A stone giant simulacrum (Vaults:3)
  8 hornets
  3 dream sheep (Shoals:3)
  10 snapping turtles
  22 culicivoras
  44 slime creatures
  A shadow (D:12)
  42 jumping spiders
  3 wraiths
  12 water elementals
  36 yaks
  3 humans (Shoals:2)
  6 basilisks
  5 wyverns
  A steam dragon (shapeshifter) (D:13)
  2 steam dragons
  A human simulacrum (Vaults:1)
  59 redbacks
  A yaktaur simulacrum (Vaults:3)
  An acid dragon (D:14)
  3 floating eyes
  8 water moccasins
  33 orc warriors
  4 black bears
  10 ice beasts
  A black bear (shapeshifter) (D:14)
  11 ogres
  7 sky beasts
  5 wolves
  21 centaurs
  A phantom (D:7)
  2 kobold brigands
  2 gnoll sergeants
  3 scorpions
  10 bullfrogs
  15 killer bees
  6 electric eels
  A vampire bat (D:3)
  7 howler monkeys
  A lava snake (D:10)
  3 hounds
  22 orc priests
  12 jellies
  An iguana (D:6)
  2 sleepcaps
  17 orc wizards
  2 hell rats (Lair:3)
  4 lightning spires (Depths:1)
  15 gnolls
  5 adders
  11 river rats (Lair:3)
  A shadow imp (D:8)
  3 ufetubi
  2 worms
  3 dart slugs
  59 orcs
  12 bats (D:3)
  7 endoplasms
  3 giant cockroaches
  13 goblins
  7 hobgoblins
  7 jackals (D:2)
  20 kobolds
  2 quokkas
  6 ball pythons
  A frilled lizard (D:2)
  6 rats
  A tentacle (Shoals:4)
1427 creatures vanquished.

Vanquished Creatures (others)
  A centaur (D:8)
  3 tentacles (Shoals:4)
4 creatures vanquished.

Grand Total: 1431 creatures vanquished

Notes
Turn   | Place    | Note
-------+----------+-------------------------------------------
     0 | D:1      | qw the Gargoyle Fighter began the quest for the Orb.
     0 | D:1      | Reached XP level 1. HP: 14/14 MP: 1/1
     0 | D:1      | 0 ||| qw: Version: 0.2-a-102-gdf20003
     0 | D:1      | 0 ||| qw: Game counter: 826
     0 | D:1      | 0 ||| qw: Always use a shield: true
     0 | D:1      | 0 ||| qw: God list: Okawaru
     0 | D:1      | 0 ||| qw: Allow faded altars: false
     0 | D:1      | 0 ||| qw: Do Orc after D:15 true
     0 | D:1      | 0 ||| qw: Do second Lair branch before Depths: true
     0 | D:1      | 0 ||| qw: Lair rune preference: random
     0 | D:1      | 0 ||| qw: Plans: Normal, Zot:1-4, Slime:5, God:TSO, Crypt,
                  | Tomb, Pan, Hells, Abyss, Win
     0 | D:1      | 0 ||| PLANNING D:1-11
   133 | D:1      | 133 ||| Stepping ~*~*~tactically~*~*~ (stealth).
   134 | D:1      | 134 ||| Stepping ~*~*~tactically~*~*~ (stealth).
   159 | D:1      | Found Lequc's Book Boutique.
   222 | D:1      | 222 ||| Stepping ~*~*~tactically~*~*~ (hiding).
   229 | D:1      | Reached XP level 2. HP: 19/19 MP: 2/2
   298 | D:1      | 298 ||| Stepping ~*~*~tactically~*~*~ (stealth).
   335 | D:1      | 335 ||| Stepping ~*~*~tactically~*~*~ (stealth).
   337 | D:1      | 337 ||| Stepping ~*~*~tactically~*~*~ (stealth).
   343 | D:1      | 343 ||| Stepping ~*~*~tactically~*~*~ (stealth).
   428 | D:1      | Reached skill level 3 in Axes
   840 | D:1      | 840 ||| UPGRADING to +0 chain mail.
   850 | D:1      | 850 ||| DROPPING +0 scale mail.
   851 | D:1      | 851 ||| READING 2 scrolls labelled ULEHIT ORAIPSOADGH.
   852 | D:1      | 852 ||| DRINKING 2 cyan potions.
   853 | D:1      | 853 ||| DROPPING scroll of immolation.
   933 | D:2      | Reached XP level 3. HP: 23/23 MP: 3/3
   989 | D:2      | Found a blossoming altar of Fedhas.
  1033 | D:2      | 1033 ||| Stepping ~*~*~tactically~*~*~ (stealth).
  1034 | D:2      | 1034 ||| Stepping ~*~*~tactically~*~*~ (stealth).
  1118 | D:2      | Reached XP level 4. HP: 28/28 MP: 4/4
  1541 | D:2      | 1541 ||| Stepping ~*~*~tactically~*~*~ (hiding).
  1543 | D:2      | 1543 ||| Stepping ~*~*~tactically~*~*~ (hiding).
  1822 | D:2      | 1822 ||| READING scroll labelled QYOHOH JYROJUGA.
  1823 | D:2      | 1823 ||| READING scroll labelled BENOIDEUMO.
  1824 | D:2      | 1824 ||| READING scroll labelled QUNKOS BISHREID.
  1825 | D:2      | 1825 ||| READING scroll labelled ORIESK XYULYILL.
  1826 | D:2      | 1826 ||| DRINKING 2 fuming ruby potions.
  1884 | D:3      | 1884 ||| Stepping ~*~*~tactically~*~*~ (stealth).
  1896 | D:3      | 1896 ||| Stepping ~*~*~tactically~*~*~ (hiding).
  1903 | D:3      | 1903 ||| Stepping ~*~*~tactically~*~*~ (stealth).
  1934 | D:3      | 1934 ||| Stepping ~*~*~tactically~*~*~ (stealth).
  1979 | D:3      | 1979 ||| Stepping ~*~*~tactically~*~*~ (hiding).
  2150 | D:3      | Found a snail-covered altar of Cheibriados.
  2179 | D:3      | 2179 ||| Stepping ~*~*~tactically~*~*~ (hiding).
  2182 | D:3      | 2182 ||| Stepping ~*~*~tactically~*~*~ (hiding).
  2189 | D:3      | Reached XP level 5. HP: 23/32 MP: 5/5
  2200 | D:3      | 2200 ||| FLEEEEING.
  2201 | D:3      | 2201 ||| FLEEEEING.
  2247 | D:3      | 2247 ||| DROPPING +0 club.
  2345 | D:3      | Found a faded altar of an unknown god.
  2422 | D:3      | Identified the +7 trident of Resourcefulness {flame, Dex+3
                  | Stlth+}
  3112 | D:3      | 3112 ||| READING scroll labelled FOEDIE UXUE.
  3113 | D:3      | 3113 ||| READING scroll labelled HYOZ FAFOCEO.
  3114 | D:3      | 3114 ||| DRINKING 2 yellow potions.
  3115 | D:3      | 3115 ||| DRINKING 2 potions of curing.
  3115 | D:3      | 3115 ||| (to cure confusion)
  3116 | D:3      | 3116 ||| DROPPING potion of ambrosia.
  3152 | D:4      | Found a runed translucent gate.
  3152 | D:4      | Found a runed translucent gate.
  3152 | D:4      | Found an opulent altar of Gozag.
  3152 | D:4      | Found a runed translucent gate.
  3153 | D:4      | Noticed qw's ghost (novice GrFi)
  3487 | D:4      | Reached XP level 6. HP: 35/38 MP: 6/6
  3863 | D:4      | 3863 ||| UPGRADING to +0 plate armour.
  3873 | D:4      | 3873 ||| DROPPING +0 chain mail.
  3874 | D:4      | 3874 ||| UPGRADING to +0 helmet.
  3879 | D:4      | 3879 ||| DROPPING ring of wizardry.
  3880 | D:4      | 3880 ||| READING 3 scrolls labelled ETOICA MORIT.
  3880 | D:4      | Identified 3 scrolls of acquirement
  3880 | D:4      | 3880 ||| ACQUIRING +3 pair of gauntlets of War {Slay+5}
  3880 | D:4      | Acquired the +3 pair of gauntlets of War {Slay+5}
  3880 | D:4      | Found the +3 pair of gauntlets of War {Slay+5}
  3881 | D:4      | 3881 ||| READING 2 scrolls of acquirement.
  3881 | D:4      | 3881 ||| ACQUIRING +1 hat of Egalitarianism {rF+ Regen+
                  | Int+3}
  3881 | D:4      | Acquired the +1 hat of Egalitarianism {rF+ Regen+ Int+3}
  3882 | D:4      | 3882 ||| READING scroll of acquirement.
  3882 | D:4      | 3882 ||| ACQUIRING +8 mithril axe "Arga" {speed, Will+}
  3882 | D:4      | Acquired the +8 mithril axe "Arga" {speed, Will+}
  3882 | D:4      | Found the +8 mithril axe "Arga" {speed, Will+}
  3884 | D:4      | 3884 ||| SWAPPING to +8 mithril axe "Arga" {speed, Will+}.
  3885 | D:4      | 3885 ||| UPGRADING to +1 hat of Egalitarianism {rF+ Regen+
                  | Int+3}.
  3895 | D:4      | 3895 ||| DROPPING +0 helmet.
  3896 | D:4      | 3896 ||| UPGRADING to +3 pair of gauntlets of War {Slay+5}.
  3901 | D:4      | 3901 ||| DROPPING +1 war axe.
  3902 | D:4      | 3902 ||| READING scroll labelled ZIEFIYQATI.
  3903 | D:4      | 3903 ||| DRINKING 2 coppery potions.
  3904 | D:4      | 3904 ||| READING 3 scrolls of identify.
  3904 | D:4      | 3904 ||| IDENTIFYING sapphire potion
  3905 | D:4      | 3905 ||| READING 2 scrolls of identify.
  3905 | D:4      | 3905 ||| IDENTIFYING brown potion
  3913 | D:5      | Entered Level 5 of the Dungeon
  3932 | D:5      | 3932 ||| Stepping ~*~*~tactically~*~*~ (stealth).
  3933 | D:5      | 3933 ||| Stepping ~*~*~tactically~*~*~ (stealth).
  3959 | D:5      | Reached skill level 6 in Axes
  3978 | D:5      | 3978 ||| DROPPING +1 whip of freezing.
  4068 | D:5      | Noticed a black bear
  4073 | D:5      | Killed a black bear
  4074 | D:5      | Reached XP level 7. HP: 43/43 MP: 7/7
  4246 | D:5      | 4246 ||| Stepping ~*~*~tactically~*~*~ (hiding).
  4484 | D:5      | 4484 ||| READING scroll labelled KAR NAZ TAO.
  4488 | D:5      | 4488 ||| READING 5 scrolls of identify.
  4488 | D:5      | 4488 ||| IDENTIFYING metallic golden potion
  4489 | D:5      | 4489 ||| READING 4 scrolls of identify.
  4489 | D:5      | 4489 ||| IDENTIFYING fizzy purple potion
  4490 | D:5      | 4490 ||| DROPPING potion of brilliance.
  4491 | D:5      | 4491 ||| DROPPING potion of flight.
  4527 | D:6      | Found a staircase to the Ecumenical Temple.
  4528 | D:6      | 4528 ||| PLANNING TEMPLE
  4528 | D:6      | 4528 ||| READING 3 scrolls of identify.
  4528 | D:6      | 4528 ||| IDENTIFYING clear potion
  4532 | Temple   | Entered the Ecumenical Temple
  4533 | Temple   | 4533 ||| PLANNING OKAWARU WORSHIP
  4575 | Temple   | Became a worshipper of Warmaster Okawaru
  4575 | Temple   | 4575 ||| PLANNING D:1-11
  4671 | D:6      | Found a sparkling altar of Nemelex Xobeh.
  4706 | D:6      | Reached XP level 8. HP: 48/48 MP: 8/8
  4712 | D:6      | Found a bloodstained altar of Trog.
  4843 | D:6      | Reached * piety under Okawaru
  4938 | D:6      | Reached skill level 1 in Dodging
  4938 | D:6      | Reached skill level 1 in Invocations
  5001 | D:6      | 5001 ||| READING scroll labelled YZAT ZAM PENI.
  5102 | D:6      | 5102 ||| READING 5 scrolls of identify.
  5102 | D:6      | 5102 ||| IDENTIFYING amethyst potion
  5103 | D:6      | 5103 ||| DROPPING potion of berserk rage.
  5137 | D:7      | 5137 ||| DROPPING +2 whip of venom.
  5183 | D:7      | Found an opulent altar of Gozag.
  5183 | D:7      | Found a burning altar of Makhleb.
  5188 | D:7      | Reached skill level 1 in Throwing
  5193 | D:7      | Reached skill level 3 in Invocations
  5222 | D:7      | 5222 ||| Stepping ~*~*~tactically~*~*~ (stealth).
  5271 | D:7      | Reached ** piety under Okawaru
  5282 | D:7      | 5282 ||| INVOKING Heroism.
  5344 | D:7      | Noticed Maggie
  5357 | D:7      | Killed Maggie
  5358 | D:7      | Reached XP level 9. HP: 43/57 MP: 12/12
  5404 | D:7      | 5404 ||| Stepping ~*~*~tactically~*~*~ (stealth).
  5405 | D:7      | 5405 ||| Stepping ~*~*~tactically~*~*~ (stealth).
  5408 | D:7      | 5408 ||| Stepping ~*~*~tactically~*~*~ (stealth).
  5409 | D:7      | 5409 ||| Stepping ~*~*~tactically~*~*~ (stealth).
  5508 | D:7      | 5508 ||| DROPPING +1 whip of venom.
  5644 | D:7      | 5644 ||| DROPPING +0 flail.
  5820 | D:7      | 5820 ||| DROPPING +1 hat.
  5821 | D:7      | 5821 ||| READING 2 scrolls labelled ICIUMAL FUETIS.
  5822 | D:7      | 5822 ||| READING 5 scrolls of identify.
  5822 | D:7      | 5822 ||| IDENTIFYING ruby potion
  5823 | D:7      | 5823 ||| DROPPING potion of degeneration.
  5866 | D:8      | 5866 ||| INVOKING Heroism.
  5959 | D:8      | Found a runed translucent gate.
  5959 | D:8      | Found a runed translucent gate.
  6015 | D:8      | 6015 ||| Stepping ~*~*~tactically~*~*~ (hiding).
  6119 | D:8      | 6119 ||| Stepping ~*~*~tactically~*~*~ (hiding).
  6221 | D:8      | 6221 ||| Stepping ~*~*~tactically~*~*~ (hiding).
  6242 | D:8      | Found a blossoming altar of Fedhas.
  6244 | D:8      | 6244 ||| Stepping ~*~*~tactically~*~*~ (hiding).
  6316 | D:8      | Reached skill level 9 in Axes
  6415 | D:8      | Found a runed translucent gate.
  6416 | D:8      | Noticed qw's ghost (novice GrFi)
  6494 | D:8      | 6494 ||| INVOKING Heroism.
  6520 | D:8      | Reached skill level 4 in Shields
  6523 | D:8      | 6523 ||| Stepping ~*~*~tactically~*~*~ (hiding).
  6559 | D:8      | 6559 ||| Stepping ~*~*~tactically~*~*~ (stealth).
  7031 | D:8      | 7031 ||| UPGRADING to ring of see invisible.
  7032 | D:8      | 7032 ||| READING 2 scrolls labelled TIKOOS QUNUPH.
  7033 | D:8      | 7033 ||| DROPPING scroll of noise.
  7084 | D:9      | Reached skill level 6 in Armour
  7089 | D:9      | Reached *** piety under Okawaru
  7097 | D:9      | Found a glowing golden altar of the Shining One.
  7116 | D:9      | 7116 ||| Stepping ~*~*~tactically~*~*~ (stealth).
  7118 | D:9      | 7118 ||| Stepping ~*~*~tactically~*~*~ (stealth).
  7133 | D:9      | Reached XP level 10. HP: 59/63 MP: 13/13
  7136 | D:9      | 7136 ||| Stepping ~*~*~tactically~*~*~ (hiding).
  7173 | D:9      | 7173 ||| Stepping ~*~*~tactically~*~*~ (hiding).
  7174 | D:9      | 7174 ||| Stepping ~*~*~tactically~*~*~ (hiding).
  7175 | D:9      | 7175 ||| Stepping ~*~*~tactically~*~*~ (hiding).
  7185 | D:9      | 7185 ||| Stepping ~*~*~tactically~*~*~ (stealth).
  7189 | D:9      | 7189 ||| Stepping ~*~*~tactically~*~*~ (stealth).
  7240 | D:9      | Found a staircase to the Orcish Mines.
  7303 | D:9      | 7303 ||| Stepping ~*~*~tactically~*~*~ (stealth).
  7305 | D:9      | 7305 ||| Stepping ~*~*~tactically~*~*~ (hiding).
  7334 | D:9      | Found an ornate altar of the Wu Jian Council.
  7450 | D:9      | 7450 ||| INVOKING Heroism.
  7460 | D:9      | 7460 ||| Stepping ~*~*~tactically~*~*~ (stealth).
  7463 | D:9      | 7463 ||| Stepping ~*~*~tactically~*~*~ (stealth).
  7464 | D:9      | 7464 ||| Stepping ~*~*~tactically~*~*~ (stealth).
  7465 | D:9      | 7465 ||| Stepping ~*~*~tactically~*~*~ (stealth).
  7466 | D:9      | 7466 ||| Stepping ~*~*~tactically~*~*~ (hiding).
  7692 | D:10     | Entered Level 10 of the Dungeon
  7764 | D:10     | Noticed Harold
  7765 | D:10     | 7765 ||| INVOKING Heroism.
  7781 | D:10     | Killed Harold
  7781 | D:10     | Reached **** piety under Okawaru
  7782 | D:10     | Reached skill level 6 in Shields
  7807 | D:10     | Found a shimmering blue altar of Sif Muna.
  7851 | D:10     | 7851 ||| Stepping ~*~*~tactically~*~*~ (hiding).
  7852 | D:10     | 7852 ||| Stepping ~*~*~tactically~*~*~ (hiding).
  7956 | D:10     | 7956 ||| Stepping ~*~*~tactically~*~*~ (hiding).
  8061 | D:10     | 8061 ||| Stepping ~*~*~tactically~*~*~ (hiding).
  8062 | D:10     | 8062 ||| Stepping ~*~*~tactically~*~*~ (hiding).
  8064 | D:10     | 8064 ||| Stepping ~*~*~tactically~*~*~ (hiding).
  8104 | D:10     | Noticed Joseph
  8105 | D:10     | 8105 ||| FLEEEEING.
  8120 | D:10     | Killed Joseph
  8130 | D:10     | 8130 ||| Stepping ~*~*~tactically~*~*~ (hiding).
  8247 | D:10     | 8247 ||| INVOKING Heroism.
  8352 | D:10     | 8352 ||| FLEEEEING.
  8449 | D:10     | Noticed a two-headed ogre
  8450 | D:10     | 8450 ||| INVOKING Heroism.
  8456 | D:10     | Killed a two-headed ogre
  8514 | D:10     | 8514 ||| DROPPING +2 flail of holy wrath.
  8670 | D:10     | Found a white marble altar of Elyvilon.
  8672 | D:10     | 8672 ||| INVOKING Heroism.
  8772 | D:11     | 8772 ||| Stepping ~*~*~tactically~*~*~ (hiding).
  8773 | D:11     | Noticed a two-headed ogre
  8774 | D:11     | 8774 ||| Stepping ~*~*~tactically~*~*~ (stealth).
  8782 | D:11     | 8782 ||| INVOKING Heroism.
  8787 | D:11     | Reached XP level 11. HP: 58/68 MP: 12/15
  8790 | D:11     | Killed a two-headed ogre
  8791 | D:11     | Reached skill level 6 in Invocations
  8830 | D:11     | Found a staircase to the Lair.
  8840 | D:11     | Reached ***** piety under Okawaru
  8943 | D:11     | 8943 ||| INVOKING Heroism.
  8961 | D:11     | Found Gafogaowev's Jewellery Shop.
  8967 | D:11     | 8967 ||| SHOPLISTING ring of Nupt {Fire Drain +Blink rN+++
                  | Str+3} (1031 gold, have 611).
  8967 | D:11     | 8967 ||| BUYING ring of positive energy (340 gold).
  8967 | D:11     | Bought a ring of positive energy for 340 gold pieces
  8967 | D:11     | 8967 ||| SHOPLISTING ring of resist corrosion (340 gold,
                  | have 271).
  8991 | D:11     | 8991 ||| Stepping ~*~*~tactically~*~*~ (stealth).
  9004 | D:11     | Identified the +5 scale mail of Oblivion {rC++ rCorr Str+3
                  | Dex-5} (Okawaru gifted it to you on level 11 of the
                  | Dungeon)
  9004 | D:11     | Received a gift from Okawaru
  9005 | D:11     | 9005 ||| Stepping ~*~*~tactically~*~*~ (stealth).
  9228 | D:11     | 9228 ||| PLANNING LAIR
  9228 | D:11     | 9228 ||| UPGRADING to +6 ring of strength.
  9260 | Lair:1   | Entered Level 1 of the Lair of Beasts
  9263 | Lair:1   | 9263 ||| INVOKING Heroism.
  9311 | Lair:1   | 9311 ||| INVOKING Heroism.
  9316 | Lair:1   | Reached skill level 9 in Fighting
  9432 | Lair:1   | 9432 ||| Stepping ~*~*~tactically~*~*~ (stealth).
  9434 | Lair:1   | 9434 ||| INVOKING Heroism.
  9460 | Lair:1   | 9460 ||| Stepping ~*~*~tactically~*~*~ (stealth).
  9470 | Lair:1   | 9470 ||| INVOKING Heroism.
  9498 | Lair:1   | 9498 ||| Stepping ~*~*~tactically~*~*~ (stealth).
  9528 | Lair:1   | 9528 ||| INVOKING Heroism.
  9529 | Lair:1   | 9529 ||| Stepping ~*~*~tactically~*~*~ (stealth).
  9533 | Lair:1   | Reached skill level 9 in Invocations
  9642 | Lair:1   | 9642 ||| INVOKING Heroism.
  9662 | Lair:1   | Reached XP level 12. HP: 76/76 MP: 19/19
  9926 | Lair:1   | 9926 ||| Stepping ~*~*~tactically~*~*~ (stealth).
 10073 | Lair:1   | 10073 ||| DROPPING +6 ring of intelligence.
 10136 | Lair:2   | 10136 ||| Stepping ~*~*~tactically~*~*~ (stealth).
 10137 | Lair:2   | 10137 ||| Stepping ~*~*~tactically~*~*~ (stealth).
 10139 | Lair:2   | 10139 ||| INVOKING Heroism.
 10148 | Lair:2   | Reached skill level 12 in Axes
 10193 | Lair:2   | Noticed a skyshark
 10205 | Lair:2   | Killed a skyshark
 10358 | Lair:2   | Identified the +1 kite shield "Xyheke Wenui" {*Slow rPois
                  | Str+2 Int+2} (Okawaru gifted it to you on level 2 of the
                  | Lair of Beasts)
 10358 | Lair:2   | Received a gift from Okawaru
 10541 | Lair:2   | Found a hole to the Spider Nest.
 10601 | Lair:2   | 10601 ||| Stepping ~*~*~tactically~*~*~ (hiding).
 10915 | Lair:2   | 10915 ||| UPGRADING to +1 kite shield "Xyheke Wenui" {*Slow
                  | rPois Str+2 Int+2}.
 10925 | Lair:2   | 10925 ||| DROPPING +0 buckler.
 10926 | Lair:2   | 10926 ||| UPGRADING to amulet of regeneration.
 10931 | Lair:2   | 10931 ||| READING scroll labelled BIBBIBBORUL.
 10939 | Lair:2   | 10939 ||| READING scroll labelled NIGUWUTZUR.
 10954 | Lair:3   | 10954 ||| INVOKING Heroism.
 11071 | Lair:3   | Reached skill level 7 in Shields
 11079 | Lair:3   | Found a staircase to the Shoals.
 11089 | Lair:3   | 11089 ||| INVOKING Heroism.
 11091 | Lair:3   | Reached skill level 8 in Shields
 11124 | Lair:3   | Reached skill level 9 in Shields
 11149 | Lair:3   | 11149 ||| INVOKING Heroism.
 11706 | Lair:4   | Reached skill level 10 in Shields
 11710 | Lair:4   | Reached XP level 13. HP: 82/82 MP: 20/20
 11711 | Lair:4   | 11711 ||| INVOKING Heroism.
 11955 | Lair:4   | 11955 ||| INVOKING Heroism.
 11956 | Lair:4   | 11956 ||| SWAPPING to +0 morningstar.
 11964 | Lair:4   | 11964 ||| SWAPPING to +8 mithril axe "Arga" {speed, Will+}.
 12035 | Lair:4   | 12035 ||| Stepping ~*~*~tactically~*~*~ (stealth).
 12069 | Lair:4   | 12069 ||| INVOKING Heroism.
 12088 | Lair:4   | Reached skill level 11 in Shields
 12757 | Lair:5   | Entered Level 5 of the Lair of Beasts
 12764 | Lair:5   | 12764 ||| Stepping ~*~*~tactically~*~*~ (stealth).
 12800 | Lair:5   | 12800 ||| Stepping ~*~*~tactically~*~*~ (stealth).
 12844 | Lair:5   | Identified the +6 demon trident "Earthworm" {flame, rElec}
                  | (Okawaru gifted it to you on level 5 of the Lair of Beasts)
 12844 | Lair:5   | Received a gift from Okawaru
 12866 | Lair:5   | 12866 ||| Stepping ~*~*~tactically~*~*~ (stealth).
 12867 | Lair:5   | 12867 ||| Stepping ~*~*~tactically~*~*~ (stealth).
 12868 | Lair:5   | 12868 ||| Stepping ~*~*~tactically~*~*~ (stealth).
 12880 | Lair:5   | 12880 ||| Stepping ~*~*~tactically~*~*~ (stealth).
 12886 | Lair:5   | 12886 ||| Stepping ~*~*~tactically~*~*~ (stealth).
 12887 | Lair:5   | 12887 ||| Stepping ~*~*~tactically~*~*~ (stealth).
 12888 | Lair:5   | 12888 ||| Stepping ~*~*~tactically~*~*~ (stealth).
 12908 | Lair:5   | 12908 ||| Stepping ~*~*~tactically~*~*~ (stealth).
 12917 | Lair:5   | 12917 ||| INVOKING Heroism.
 12971 | Lair:5   | Reached skill level 9 in Armour
 12987 | Lair:5   | 12987 ||| INVOKING Heroism.
 13021 | Lair:5   | Found a dark tunnel.
 13076 | Lair:5   | 13076 ||| Stepping ~*~*~tactically~*~*~ (stealth).
 13148 | Lair:5   | 13148 ||| INVOKING Heroism.
 13149 | Lair:5   | 13149 ||| INVOKING Finesse.
 13174 | Lair:5   | Identified the +2 robe of the Cobbler {-Cast Dex+2 SInv}
                  | (Okawaru gifted it to you on level 5 of the Lair of Beasts)
 13174 | Lair:5   | Received a gift from Okawaru
 13175 | Lair:5   | Gained mutation: Your large and strong wings let you fly.
                  | [Gargoyle growth]
 13175 | Lair:5   | Reached XP level 14. HP: 64/90 MP: 15/21
 13181 | Lair:5   | Reached skill level 12 in Shields
 13243 | Lair:5   | 13243 ||| Stepping ~*~*~tactically~*~*~ (stealth).
 13259 | Lair:5   | 13259 ||| Stepping ~*~*~tactically~*~*~ (stealth).
 13279 | Lair:5   | 13279 ||| FLEEEEING.
 13289 | Lair:5   | 13289 ||| INVOKING Heroism.
 13299 | Lair:5   | 13299 ||| Stepping ~*~*~tactically~*~*~ (stealth).
 13303 | Lair:5   | 13303 ||| Stepping ~*~*~tactically~*~*~ (stealth).
 13312 | Lair:5   | 13312 ||| Stepping ~*~*~tactically~*~*~ (stealth).
 13336 | Lair:5   | 13336 ||| DROPPING +2 flail of protection.
 13340 | Lair:5   | Noticed Sonja
 13341 | Lair:5   | 13341 ||| Stepping ~*~*~tactically~*~*~ (hiding).
 13343 | Lair:5   | 13343 ||| Stepping ~*~*~tactically~*~*~ (hiding).
 13345 | Lair:5   | 13345 ||| Stepping ~*~*~tactically~*~*~ (hiding).
 13346 | Lair:5   | 13346 ||| Stepping ~*~*~tactically~*~*~ (hiding).
 13347 | Lair:5   | 13347 ||| INVOKING Finesse.
 13360 | Lair:5   | Killed Sonja
 13367 | Lair:5   | 13367 ||| Stepping ~*~*~tactically~*~*~ (stealth).
 13433 | Lair:5   | 13433 ||| INVOKING Heroism.
 13434 | Lair:5   | 13434 ||| INVOKING Finesse.
 13437 | Lair:5   | 13437 ||| Stepping ~*~*~tactically~*~*~ (hiding).
 13459 | Lair:5   | 13459 ||| Stepping ~*~*~tactically~*~*~ (stealth).
 13468 | Lair:5   | 13468 ||| Stepping ~*~*~tactically~*~*~ (stealth).
 13481 | Lair:5   | Reached skill level 15 in Axes
 13529 | Lair:5   | 13529 ||| INVOKING Heroism.
 13533 | Lair:5   | 13533 ||| Stepping ~*~*~tactically~*~*~ (stealth).
 13534 | Lair:5   | 13534 ||| INVOKING Finesse.
 13553 | Lair:5   | Reached skill level 3 in Dodging
 13592 | Lair:5   | Identified the +6 plate armour "Qulearub" {Stlth+}
 13699 | Lair:5   | 13699 ||| Stepping ~*~*~tactically~*~*~ (stealth).
 13735 | Lair:5   | 13735 ||| INVOKING Heroism.
 13871 | Lair:5   | 13871 ||| Stepping ~*~*~tactically~*~*~ (stealth).
 13872 | Lair:5   | 13872 ||| Stepping ~*~*~tactically~*~*~ (stealth).
 13888 | Lair:5   | Reached skill level 12 in Fighting
 13992 | Lair:5   | Found a viscous altar of Jiyva.
 13993 | Lair:5   | Found a staircase to the Slime Pits.
 13996 | Lair:5   | 13996 ||| Stepping ~*~*~tactically~*~*~ (hiding).
 14320 | Lair:5   | 14320 ||| PLANNING D
 14320 | Lair:5   | 14320 ||| UPGRADING to +6 plate armour "Qulearub" {Stlth+}.
 14330 | Lair:5   | 14330 ||| DROPPING +0 plate armour.
 14331 | Lair:5   | 14331 ||| READING 8 scrolls of identify.
 14331 | Lair:5   | 14331 ||| IDENTIFYING bubbling dark potion
 14332 | Lair:5   | 14332 ||| READING 7 scrolls of identify.
 14332 | Lair:5   | 14332 ||| IDENTIFYING bubbling emerald potion
 14633 | D:12     | Received a gift from Okawaru
 14675 | D:12     | 14675 ||| Stepping ~*~*~tactically~*~*~ (stealth).
 14702 | D:12     | Noticed Rupert
 14703 | D:12     | 14703 ||| INVOKING Heroism.
 14704 | D:12     | 14704 ||| INVOKING Finesse.
 14724 | D:12     | Killed Rupert
 14760 | D:12     | Identified the +2 war axe "Xocu" {venom, rElec Dex-4 SInv}
 14907 | D:12     | 14907 ||| FLEEEEING.
 15000 | D:12     | Noticed Maurice
 15001 | D:12     | 15001 ||| Stepping ~*~*~tactically~*~*~ (hiding).
 15009 | D:12     | Killed Maurice
 15155 | D:12     | 15155 ||| Stepping ~*~*~tactically~*~*~ (stealth).
 15157 | D:12     | 15157 ||| Stepping ~*~*~tactically~*~*~ (hiding).
 15233 | D:12     | Identified the +7 shortbow "String" {drain, +Blink}
                  | (Okawaru gifted it to you on level 12 of the Dungeon)
 15233 | D:12     | Received a gift from Okawaru
 15394 | D:12     | 15394 ||| UPGRADING to +0 cloak.
 15406 | D:13     | 15406 ||| Stepping ~*~*~tactically~*~*~ (hiding).
 15407 | D:13     | You are sucked into a shaft and drop 2 floors!
 15407 | D:15     | Entered Level 15 of the Dungeon
 15599 | D:13     | 15599 ||| Stepping ~*~*~tactically~*~*~ (hiding).
 15704 | D:13     | 15704 ||| Stepping ~*~*~tactically~*~*~ (hiding).
 15706 | D:13     | 15706 ||| INVOKING Heroism.
 15707 | D:13     | 15707 ||| INVOKING Finesse.
 15709 | D:13     | Noticed Lodul
 15719 | D:13     | Noticed Urug
 15725 | D:13     | Killed Lodul
 15727 | D:13     | Reached XP level 15. HP: 91/96 MP: 15/22
 15737 | D:13     | Killed Urug
 15755 | D:13     | 15755 ||| Stepping ~*~*~tactically~*~*~ (stealth).
 15756 | D:13     | 15756 ||| Stepping ~*~*~tactically~*~*~ (stealth).
 15796 | D:13     | 15796 ||| Stepping ~*~*~tactically~*~*~ (hiding).
 16052 | D:14     | Reached skill level 3 in Throwing
 16226 | D:14     | 16226 ||| INVOKING Heroism.
 16359 | D:14     | Received a gift from Okawaru
 16376 | D:14     | 16376 ||| INVOKING Heroism.
 16437 | D:14     | Found a gate to the Vaults.
 16498 | D:14     | Received a gift from Okawaru
 16797 | D:14     | 16797 ||| READING scroll labelled CYTOWU BYDWAIDWU.
 16798 | D:14     | 16798 ||| READING scroll labelled ZAECAYMMOTU.
 16907 | D:15     | Found a portal to a secret trove of treasure.
 17003 | D:15     | 17003 ||| Stepping ~*~*~tactically~*~*~ (hiding).
 17004 | D:15     | 17004 ||| Stepping ~*~*~tactically~*~*~ (hiding).
 17015 | D:15     | Reached skill level 6 in Throwing
 17016 | D:15     | 17016 ||| Stepping ~*~*~tactically~*~*~ (stealth).
 17019 | D:15     | Identified the +0 chain mail "Yrikal" {-Cast +Blink Int-3
                  | SInv} (Okawaru gifted it to you on level 15 of the Dungeon)
 17019 | D:15     | Received a gift from Okawaru
 17050 | D:15     | 17050 ||| Stepping ~*~*~tactically~*~*~ (hiding).
 17059 | D:15     | 17059 ||| INVOKING Heroism.
 17060 | D:15     | 17060 ||| INVOKING Finesse.
 17110 | D:15     | Found a staircase to the Depths.
 17241 | D:15     | Found a shimmering blue altar of Sif Muna.
 17473 | D:15     | 17473 ||| INVOKING Heroism.
 17760 | D:15     | 17760 ||| Stepping ~*~*~tactically~*~*~ (hiding).
 17761 | D:15     | 17761 ||| Stepping ~*~*~tactically~*~*~ (hiding).
 18067 | D:15     | 18067 ||| PLANNING ORC
 18213 | Orc:1    | Entered Level 1 of the Orcish Mines
 18213 | Orc:1    | Noticed Nergalle
 18213 | Orc:1    | Found Bawojuq's Antique Weapon Shop.
 18225 | Orc:1    | Killed Nergalle
 18277 | Orc:1    | 18277 ||| FLEEEEING.
 18278 | Orc:1    | 18278 ||| FLEEEEING.
 18279 | Orc:1    | 18279 ||| FLEEEEING.
 18280 | Orc:1    | 18280 ||| Stepping ~*~*~tactically~*~*~ (hiding).
 18290 | Orc:1    | 18290 ||| INVOKING Heroism.
 18294 | Orc:1    | 18294 ||| Stepping ~*~*~tactically~*~*~ (hiding).
 18304 | Orc:1    | 18304 ||| Stepping ~*~*~tactically~*~*~ (hiding).
 18309 | Orc:1    | 18309 ||| Stepping ~*~*~tactically~*~*~ (hiding).
 18310 | Orc:1    | 18310 ||| Stepping ~*~*~tactically~*~*~ (hiding).
 18406 | Orc:1    | 18406 ||| Stepping ~*~*~tactically~*~*~ (hiding).
 18408 | Orc:1    | 18408 ||| Stepping ~*~*~tactically~*~*~ (hiding).
 18518 | Orc:1    | 18518 ||| Stepping ~*~*~tactically~*~*~ (stealth).
 18589 | Orc:1    | 18589 ||| Stepping ~*~*~tactically~*~*~ (stealth).
 18645 | Orc:2    | Entered Level 2 of the Orcish Mines
 18646 | Orc:2    | 18646 ||| INVOKING Heroism.
 18649 | Orc:2    | Reached skill level 13 in Shields
 18708 | Orc:2    | 18708 ||| Stepping ~*~*~tactically~*~*~ (hiding).
 18780 | Orc:2    | 18780 ||| Stepping ~*~*~tactically~*~*~ (stealth).
 18782 | Orc:2    | 18782 ||| Stepping ~*~*~tactically~*~*~ (hiding).
 18796 | Orc:2    | 18796 ||| Stepping ~*~*~tactically~*~*~ (hiding).
 18798 | Orc:2    | 18798 ||| INVOKING Heroism.
 18803 | Orc:2    | 18803 ||| Stepping ~*~*~tactically~*~*~ (hiding).
 18865 | Orc:2    | Found Yloj's Book Boutique.
 18865 | Orc:2    | Found Kegeqe's Antique Armour Shoppe.
 18874 | Orc:2    | Found Ynuruff's Magic Scroll Emporium.
 18879 | Orc:2    | Found Doher's Distillery.
 18884 | Orc:2    | 18884 ||| BUYING ichor-stained plate armour (1092 gold).
 18884 | Orc:2    | Bought an ichor-stained plate armour for 1092 gold pieces
 18884 | Orc:2    | Identified the +4 plate armour of the Orb {rC+} (You bought
                  | it in a shop on level 2 of the Orcish Mines)
 18886 | Orc:2    | 18886 ||| BUYING 2 scrolls of teleportation (96 gold).
 18886 | Orc:2    | Bought 2 scrolls of teleportation for 96 gold pieces
 18886 | Orc:2    | 18886 ||| BUYING scroll of teleportation (48 gold).
 18886 | Orc:2    | Bought a scroll of teleportation for 48 gold pieces
 18886 | Orc:2    | 18886 ||| BUYING scroll of teleportation (48 gold).
 18886 | Orc:2    | Bought a scroll of teleportation for 48 gold pieces
 18891 | Orc:2    | 18891 ||| BUYING 2 potions of heal wounds (120 gold).
 18891 | Orc:2    | Bought 2 potions of heal wounds for 120 gold pieces
 18891 | Orc:2    | 18891 ||| BUYING potion of curing (36 gold).
 18891 | Orc:2    | Bought a potion of curing for 36 gold pieces
 18891 | Orc:2    | 18891 ||| BUYING potion of magic (96 gold).
 18891 | Orc:2    | Bought a potion of magic for 96 gold pieces
 18891 | Orc:2    | 18891 ||| BUYING potion of might (48 gold).
 18891 | Orc:2    | Bought a potion of might for 48 gold pieces
 18891 | Orc:2    | 18891 ||| BUYING potion of might (48 gold).
 18891 | Orc:2    | Bought a potion of might for 48 gold pieces
 18891 | Orc:2    | 18891 ||| BUYING potion of mutation (96 gold).
 18891 | Orc:2    | Bought a potion of mutation for 96 gold pieces
 18912 | Orc:2    | 18912 ||| Stepping ~*~*~tactically~*~*~ (stealth).
 18915 | Orc:2    | 18915 ||| Stepping ~*~*~tactically~*~*~ (hiding).
 18916 | Orc:2    | 18916 ||| Stepping ~*~*~tactically~*~*~ (hiding).
 18918 | Orc:2    | 18918 ||| Stepping ~*~*~tactically~*~*~ (hiding).
 18971 | Orc:2    | 18971 ||| Stepping ~*~*~tactically~*~*~ (stealth).
 18972 | Orc:2    | 18972 ||| Stepping ~*~*~tactically~*~*~ (stealth).
 18973 | Orc:2    | 18973 ||| Stepping ~*~*~tactically~*~*~ (stealth).
 18974 | Orc:2    | 18974 ||| Stepping ~*~*~tactically~*~*~ (stealth).
 18980 | Orc:2    | 18980 ||| Stepping ~*~*~tactically~*~*~ (stealth).
 18981 | Orc:2    | 18981 ||| Stepping ~*~*~tactically~*~*~ (stealth).
 18982 | Orc:2    | 18982 ||| Stepping ~*~*~tactically~*~*~ (stealth).
 18984 | Orc:2    | 18984 ||| Stepping ~*~*~tactically~*~*~ (hiding).
 19003 | Orc:2    | 19003 ||| Stepping ~*~*~tactically~*~*~ (stealth).
 19013 | Orc:2    | 19013 ||| INVOKING Heroism.
 19085 | Orc:2    | 19085 ||| Stepping ~*~*~tactically~*~*~ (stealth).
 19103 | Orc:2    | 19103 ||| Stepping ~*~*~tactically~*~*~ (stealth).
 19112 | Orc:2    | 19112 ||| INVOKING Heroism.
 19160 | Orc:2    | Found a staircase to the Elven Halls.
 19275 | Orc:2    | 19275 ||| INVOKING Heroism.
 19471 | Orc:2    | 19471 ||| PLANNING SPIDER:1-3
 19471 | Orc:2    | 19471 ||| UPGRADING to +4 plate armour of the Orb {rC+}.
 19629 | Spider:1 | Entered Level 1 of the Spider Nest
 19643 | Spider:1 | 19643 ||| STAIRDANCE
 19649 | Lair:2   | 19649 ||| INVOKING Heroism.
 19696 | Spider:1 | 19696 ||| Stepping ~*~*~tactically~*~*~ (stealth).
 19700 | Spider:1 | Reached XP level 16. HP: 101/101 MP: 23/23
 19734 | Spider:1 | 19734 ||| Stepping ~*~*~tactically~*~*~ (stealth).
 19736 | Spider:1 | 19736 ||| Stepping ~*~*~tactically~*~*~ (stealth).
 19743 | Spider:1 | 19743 ||| INVOKING Heroism.
 19785 | Spider:1 | 19785 ||| Stepping ~*~*~tactically~*~*~ (hiding).
 19787 | Spider:1 | 19787 ||| INVOKING Heroism.
 19790 | Spider:1 | 19790 ||| Stepping ~*~*~tactically~*~*~ (hiding).
 19791 | Spider:1 | 19791 ||| Stepping ~*~*~tactically~*~*~ (hiding).
 19816 | Spider:1 | 19816 ||| Stepping ~*~*~tactically~*~*~ (stealth).
 19834 | Spider:1 | 19834 ||| Stepping ~*~*~tactically~*~*~ (stealth).
 19843 | Spider:1 | 19843 ||| Stepping ~*~*~tactically~*~*~ (stealth).
 19844 | Spider:1 | 19844 ||| Stepping ~*~*~tactically~*~*~ (stealth).
 19845 | Spider:1 | 19845 ||| Stepping ~*~*~tactically~*~*~ (stealth).
 19846 | Spider:1 | 19846 ||| Stepping ~*~*~tactically~*~*~ (stealth).
 19940 | Spider:1 | 19940 ||| Stepping ~*~*~tactically~*~*~ (stealth).
 19964 | Spider:1 | 19964 ||| INVOKING Heroism.
 19987 | Spider:1 | 19987 ||| Stepping ~*~*~tactically~*~*~ (stealth).
 19994 | Spider:1 | Received a gift from Okawaru
 20064 | Spider:1 | 20064 ||| Stepping ~*~*~tactically~*~*~ (stealth).
 20071 | Spider:1 | 20071 ||| Stepping ~*~*~tactically~*~*~ (hiding).
 20079 | Spider:1 | 20079 ||| INVOKING Heroism.
 20517 | Spider:2 | 20517 ||| FLEEEEING.
 20531 | Spider:2 | 20531 ||| Stepping ~*~*~tactically~*~*~ (hiding).
 20572 | Spider:2 | You are sucked into a shaft and drop 1 floor!
 20573 | Spider:3 | 20573 ||| INVOKING Heroism.
 20609 | Spider:3 | 20609 ||| Stepping ~*~*~tactically~*~*~ (hiding).
 20614 | Spider:3 | 20614 ||| INVOKING Heroism.
 20615 | Spider:3 | 20615 ||| Stepping ~*~*~tactically~*~*~ (stealth).
 20662 | Spider:3 | 20662 ||| Stepping ~*~*~tactically~*~*~ (hiding).
 20737 | Spider:3 | 20737 ||| INVOKING Heroism.
 20837 | Spider:3 | 20837 ||| Stepping ~*~*~tactically~*~*~ (hiding).
 21042 | Spider:3 | 21042 ||| Stepping ~*~*~tactically~*~*~ (stealth).
 21045 | Spider:3 | 21045 ||| Stepping ~*~*~tactically~*~*~ (hiding).
 21047 | Spider:3 | 21047 ||| INVOKING Heroism.
 21049 | Spider:3 | 21049 ||| Stepping ~*~*~tactically~*~*~ (hiding).
 21091 | Spider:3 | Noticed Arachne
 21092 | Spider:3 | 21092 ||| Stepping ~*~*~tactically~*~*~ (hiding).
 21094 | Spider:3 | 21094 ||| INVOKING Finesse.
 21102 | Spider:3 | 21102 ||| INVOKING Heroism.
 21107 | Spider:3 | Reached skill level 18 in Axes
 21109 | Spider:3 | Killed Arachne
 21145 | Spider:3 | Noticed Donald
 21153 | Spider:3 | Killed Donald
 21165 | Spider:3 | 21165 ||| DROPPING +0 morningstar.
 21185 | Spider:2 | 21185 ||| INVOKING Finesse.
 21192 | Spider:2 | Reached skill level 12 in Armour
 21306 | Spider:2 | 21306 ||| Stepping ~*~*~tactically~*~*~ (hiding).
 21309 | Spider:2 | 21309 ||| INVOKING Finesse.
 21311 | Spider:2 | 21311 ||| Stepping ~*~*~tactically~*~*~ (stealth).
 21315 | Spider:2 | 21315 ||| INVOKING Heroism.
 21516 | Spider:2 | 21516 ||| Stepping ~*~*~tactically~*~*~ (stealth).
 21525 | Spider:2 | Reached XP level 17. HP: 109/109 MP: 24/24
 21543 | Spider:2 | 21543 ||| Stepping ~*~*~tactically~*~*~ (stealth).
 21588 | Spider:2 | 21588 ||| Stepping ~*~*~tactically~*~*~ (hiding).
 21741 | Spider:2 | 21741 ||| INVOKING Heroism.
 21755 | Spider:2 | 21755 ||| INVOKING Finesse.
 22063 | Spider:2 | 22063 ||| FLEEEEING.
 22064 | Spider:2 | 22064 ||| FLEEEEING.
 22182 | Spider:2 | 22182 ||| DROPPING scarf of invisibility.
 22183 | Spider:2 | 22183 ||| DROPPING +1 helmet.
 22184 | Spider:2 | 22184 ||| UPGRADING to +5 ring of evasion.
 22186 | Spider:2 | 22186 ||| DROPPING ring of positive energy.
 22187 | Spider:2 | 22187 ||| UPGRADING to ring of see invisible.
 22458 | Spider:3 | 22458 ||| FLEEEEING.
 22460 | Spider:3 | 22460 ||| FLEEEEING.
 22461 | Spider:3 | 22461 ||| FLEEEEING.
 22462 | Spider:3 | 22462 ||| FLEEEEING.
 22463 | Spider:3 | 22463 ||| FLEEEEING.
 22464 | Spider:3 | 22464 ||| FLEEEEING.
 22465 | Spider:3 | 22465 ||| FLEEEEING.
 22466 | Spider:3 | 22466 ||| FLEEEEING.
 22467 | Spider:3 | 22467 ||| FLEEEEING.
 22468 | Spider:3 | 22468 ||| FLEEEEING.
 22581 | Spider:3 | 22581 ||| PLANNING SHOALS:1-3
 22808 | Shoals:1 | Entered Level 1 of the Shoals
 22820 | Shoals:1 | 22820 ||| INVOKING Heroism.
 22823 | Shoals:1 | Received a gift from Okawaru
 22825 | Shoals:1 | Reached skill level 14 in Shields
 22882 | Shoals:1 | 22882 ||| INVOKING Heroism.
 22888 | Shoals:1 | Received a gift from Okawaru
 22888 | Shoals:1 | Found the +0 mask of the Dragon {Will+ Slay+3 SInv}
 22898 | Shoals:1 | 22898 ||| Stepping ~*~*~tactically~*~*~ (stealth).
 22898 | Shoals:1 | Noticed Jorgrun
 22910 | Shoals:1 | Killed Jorgrun
 22911 | Shoals:1 | 22911 ||| Stepping ~*~*~tactically~*~*~ (hiding).
 22912 | Shoals:1 | 22912 ||| FLEEEEING.
 22914 | Shoals:1 | 22914 ||| Stepping ~*~*~tactically~*~*~ (hiding).
 22922 | Shoals:1 | 22922 ||| INVOKING Heroism.
 23047 | Shoals:1 | 23047 ||| INVOKING Heroism.
 23081 | Shoals:1 | Identified the +4 ring mail of Happy Babbling {rF++ rN+
                  | Int+3}
 23092 | Shoals:1 | 23092 ||| Stepping ~*~*~tactically~*~*~ (hiding).
 23094 | Shoals:1 | 23094 ||| Stepping ~*~*~tactically~*~*~ (hiding).
 23100 | Shoals:1 | 23100 ||| Stepping ~*~*~tactically~*~*~ (hiding).
 23349 | Shoals:1 | Noticed Aizul
 23350 | Shoals:1 | 23350 ||| INVOKING Heroism.
 23366 | Shoals:1 | Killed Aizul
 23380 | Shoals:1 | Found a runed translucent door.
 23381 | Shoals:1 | Noticed Kaerusk's ghost (adept KoBe)
 23418 | Shoals:1 | 23418 ||| INVOKING Heroism.
 23553 | Shoals:1 | 23553 ||| READING scroll of enchant armour.
 23553 | Shoals:1 | 23553 ||| ENCHANTING +0 cloak.
 23824 | Shoals:2 | 23824 ||| INVOKING Heroism.
 23873 | Shoals:2 | 23873 ||| INVOKING Heroism.
 23928 | Shoals:2 | You are sucked into a shaft and drop 1 floor!
 23941 | Shoals:3 | 23941 ||| Stepping ~*~*~tactically~*~*~ (stealth).
 23946 | Shoals:3 | 23946 ||| READING scroll of enchant armour.
 23946 | Shoals:3 | 23946 ||| ENCHANTING +1 cloak.
 24069 | Shoals:3 | Noticed Polyphemus
 24070 | Shoals:3 | 24070 ||| INVOKING Heroism.
 24092 | Shoals:3 | Killed Polyphemus
 24093 | Shoals:3 | Found Hamater's Armour Boutique.
 24113 | Shoals:3 | Reached skill level 15 in Fighting
 24148 | Shoals:3 | 24148 ||| SHOPLISTING +5 ice dragon scales of the Louse
                  | {rF- rC++ rN++} (1423 gold, have 1156).
 24176 | Shoals:3 | 24176 ||| Stepping ~*~*~tactically~*~*~ (hiding).
 24182 | Shoals:3 | 24182 ||| Stepping ~*~*~tactically~*~*~ (hiding).
 24250 | Shoals:2 | Noticed Kirke
 24263 | Shoals:2 | 24263 ||| INVOKING Heroism.
 24264 | Shoals:2 | Killed Kirke
 24418 | Shoals:2 | 24418 ||| INVOKING Heroism.
 24577 | Shoals:2 | 24577 ||| INVOKING Heroism.
 24669 | Shoals:2 | 24669 ||| INVOKING Heroism.
 24716 | Shoals:2 | Identified the +10 chain mail "Xixzuima" {rElec}
 24831 | Shoals:2 | 24831 ||| Stepping ~*~*~tactically~*~*~ (hiding).
 24836 | Shoals:2 | 24836 ||| Stepping ~*~*~tactically~*~*~ (hiding).
 24837 | Shoals:2 | 24837 ||| Stepping ~*~*~tactically~*~*~ (hiding).
 24838 | Shoals:2 | 24838 ||| Stepping ~*~*~tactically~*~*~ (hiding).
 24963 | Shoals:2 | 24963 ||| FLEEEEING.
 24964 | Shoals:2 | 24964 ||| FLEEEEING.
 24965 | Shoals:2 | 24965 ||| FLEEEEING.
 24966 | Shoals:2 | 24966 ||| FLEEEEING.
 24967 | Shoals:2 | 24967 ||| STAIRDANCE
 25266 | Shoals:3 | 25266 ||| INVOKING Heroism.
 25290 | Shoals:3 | 25290 ||| Stepping ~*~*~tactically~*~*~ (stealth).
 25441 | Shoals:3 | Reached XP level 18. HP: 119/119 MP: 25/25
 25441 | Shoals:3 | 25441 ||| DROPPING +4 broad axe of flaming.
 25548 | Shoals:3 | Reached skill level 15 in Shields
 25551 | Shoals:3 | 25551 ||| INVOKING Heroism.
 25625 | Shoals:3 | 25625 ||| Stepping ~*~*~tactically~*~*~ (hiding).
 25630 | Shoals:3 | 25630 ||| Stepping ~*~*~tactically~*~*~ (hiding).
 25959 | Shoals:3 | 25959 ||| PLANNING SPIDER:4
 26149 | Spider:4 | Entered Level 4 of the Spider Nest
 26155 | Spider:4 | 26155 ||| INVOKING Heroism.
 26166 | Spider:4 | Received a gift from Okawaru
 26238 | Spider:4 | 26238 ||| Stepping ~*~*~tactically~*~*~ (stealth).
 26240 | Spider:4 | 26240 ||| Stepping ~*~*~tactically~*~*~ (stealth).
 26243 | Spider:4 | 26243 ||| Stepping ~*~*~tactically~*~*~ (stealth).
 26426 | Spider:4 | 26426 ||| Stepping ~*~*~tactically~*~*~ (stealth).
 26428 | Spider:4 | 26428 ||| Stepping ~*~*~tactically~*~*~ (stealth).
 26430 | Spider:4 | 26430 ||| Stepping ~*~*~tactically~*~*~ (stealth).
 26432 | Spider:4 | 26432 ||| Stepping ~*~*~tactically~*~*~ (hiding).
 26440 | Spider:4 | 26440 ||| INVOKING Heroism.
 26449 | Spider:4 | Reached skill level 9 in Throwing
 26476 | Spider:4 | Noticed Mara
 26483 | Spider:4 | Noticed qw's illusion
 26510 | Spider:4 | Killed Mara
 26759 | Spider:4 | 26759 ||| Stepping ~*~*~tactically~*~*~ (stealth).
 26761 | Spider:4 | 26761 ||| Stepping ~*~*~tactically~*~*~ (stealth).
 26764 | Spider:4 | 26764 ||| INVOKING Heroism.
 26824 | Spider:4 | 26824 ||| Stepping ~*~*~tactically~*~*~ (stealth).
 26933 | Spider:4 | 26933 ||| Stepping ~*~*~tactically~*~*~ (stealth).
 26934 | Spider:4 | 26934 ||| Stepping ~*~*~tactically~*~*~ (stealth).
 27021 | Spider:4 | 27021 ||| Stepping ~*~*~tactically~*~*~ (stealth).
 27022 | Spider:4 | 27022 ||| Stepping ~*~*~tactically~*~*~ (stealth).
 27036 | Spider:4 | 27036 ||| Stepping ~*~*~tactically~*~*~ (stealth).
 27046 | Spider:4 | 27046 ||| INVOKING Heroism.
 27125 | Spider:4 | 27125 ||| INVOKING Heroism.
 27127 | Spider:4 | Received a gift from Okawaru
 27269 | Spider:4 | 27269 ||| INVOKING Heroism.
 27448 | Spider:4 | Got a gossamer rune of Zot
 27450 | Spider:4 | Identified the +0 hat "Listrova" {Int+5}
 27561 | Spider:4 | 27561 ||| PLANNING VAULTS:1-4
 27561 | Spider:4 | 27561 ||| DROPPING +0 hat "Listrova" {Int+5}.
 27562 | Spider:4 | 27562 ||| DROPPING +0 hat of willpower.
 27563 | Spider:4 | 27563 ||| READING 19 scrolls of identify.
 27563 | Spider:4 | 27563 ||| IDENTIFYING viscous silvery potion
 27564 | Spider:4 | 27564 ||| DROPPING potion of invisibility.
 27757 | Vaults:1 | Entered Level 1 of the Vaults
 27762 | Vaults:1 | 27762 ||| Stepping ~*~*~tactically~*~*~ (hiding).
 27799 | Vaults:1 | 27799 ||| READING scroll of acquirement.
 27799 | Vaults:1 | 27799 ||| ACQUIRING +0 tower shield "Tuwesm" {Rampage rF-
                  | rC+ Will++}
 27799 | Vaults:1 | Acquired the +0 tower shield "Tuwesm" {Rampage rF- rC+
                  | Will++}
 27801 | Vaults:1 | 27801 ||| UPGRADING to +0 tower shield "Tuwesm" {Rampage
                  | rF- rC+ Will++}.
 27811 | Vaults:1 | 27811 ||| DROPPING +1 kite shield "Xyheke Wenui" {*Slow
                  | rPois Str+2 Int+2}.
 27812 | Vaults:1 | 27812 ||| UPGRADING to +6 plate armour "Qulearub" {Stlth+}.
 27833 | Vaults:1 | 27833 ||| Stepping ~*~*~tactically~*~*~ (hiding).
 27834 | Vaults:1 | 27834 ||| Stepping ~*~*~tactically~*~*~ (hiding).
 27843 | Vaults:1 | 27843 ||| Stepping ~*~*~tactically~*~*~ (hiding).
 27849 | Vaults:1 | 27849 ||| Stepping ~*~*~tactically~*~*~ (hiding).
 27851 | Vaults:1 | 27851 ||| FLEEEEING.
 27852 | Vaults:1 | 27852 ||| Stepping ~*~*~tactically~*~*~ (hiding).
 27870 | Vaults:1 | 27870 ||| Stepping ~*~*~tactically~*~*~ (hiding).
 27981 | Vaults:1 | 27981 ||| Stepping ~*~*~tactically~*~*~ (hiding).
 27989 | Vaults:1 | 27989 ||| Stepping ~*~*~tactically~*~*~ (hiding).
 28029 | Vaults:1 | 28029 ||| INVOKING Heroism.
 28052 | Vaults:1 | 28052 ||| Stepping ~*~*~tactically~*~*~ (stealth).
 28053 | Vaults:1 | 28053 ||| Stepping ~*~*~tactically~*~*~ (stealth).
 28054 | Vaults:1 | 28054 ||| Stepping ~*~*~tactically~*~*~ (stealth).
 28062 | Vaults:1 | 28062 ||| Stepping ~*~*~tactically~*~*~ (stealth).
 28142 | Vaults:1 | Reached skill level 16 in Shields
 28219 | Vaults:1 | Identified the +10 plate armour "Suywkipt" {Dex+5}
 28315 | Vaults:1 | Reached XP level 19. HP: 128/128 MP: 26/26
 28328 | Vaults:1 | 28328 ||| Stepping ~*~*~tactically~*~*~ (hiding).
 28330 | Vaults:1 | 28330 ||| Stepping ~*~*~tactically~*~*~ (hiding).
 28331 | Vaults:1 | 28331 ||| Stepping ~*~*~tactically~*~*~ (hiding).
 28332 | Vaults:1 | 28332 ||| Stepping ~*~*~tactically~*~*~ (hiding).
 28333 | Vaults:1 | 28333 ||| Stepping ~*~*~tactically~*~*~ (hiding).
 28335 | Vaults:1 | 28335 ||| Stepping ~*~*~tactically~*~*~ (hiding).
 28342 | Vaults:1 | Received a gift from Okawaru
 28576 | Vaults:1 | Found Gofiduo's Armour Shop.
 28583 | Vaults:1 | Reached skill level 17 in Shields
 28602 | Vaults:1 | 28602 ||| BUYING +0 tower shield (90 gold).
 28602 | Vaults:1 | Bought a +0 tower shield for 90 gold pieces
 28602 | Vaults:1 | 28602 ||| BUYING +2 pair of boots (330 gold).
 28602 | Vaults:1 | Bought a +2 pair of boots for 330 gold pieces
 28649 | Vaults:1 | Received a gift from Okawaru
 28681 | Vaults:1 | 28681 ||| Stepping ~*~*~tactically~*~*~ (hiding).
 28682 | Vaults:1 | 28682 ||| Stepping ~*~*~tactically~*~*~ (hiding).
 28686 | Vaults:1 | 28686 ||| Stepping ~*~*~tactically~*~*~ (hiding).
 28713 | Vaults:1 | 28713 ||| INVOKING Heroism.
 28714 | Vaults:1 | 28714 ||| INVOKING Finesse.
 29102 | Vaults:1 | 29102 ||| UPGRADING to +10 plate armour "Suywkipt" {Dex+5}.
 29112 | Vaults:1 | 29112 ||| DROPPING +6 plate armour "Qulearub" {Stlth+}.
 29113 | Vaults:1 | 29113 ||| DROPPING +4 plate armour of the Orb {rC+}.
 29114 | Vaults:1 | 29114 ||| UPGRADING to +2 pair of boots.
 29189 | Vaults:2 | 29189 ||| Stepping ~*~*~tactically~*~*~ (hiding).
 29222 | Vaults:2 | Identified the +4 broad axe of Cotwum {elec, rC- Dex+3}
                  | (Okawaru gifted it to you on level 2 of the Vaults)
 29222 | Vaults:2 | Received a gift from Okawaru
 29223 | Vaults:2 | Reached skill level 18 in Shields
 29274 | Vaults:2 | 29274 ||| Stepping ~*~*~tactically~*~*~ (hiding).
 29355 | Vaults:2 | 29355 ||| Stepping ~*~*~tactically~*~*~ (hiding).
 29356 | Vaults:2 | 29356 ||| INVOKING Heroism.
 29357 | Vaults:2 | 29357 ||| INVOKING Finesse.
 29601 | Vaults:2 | 29601 ||| INVOKING Finesse.
 29644 | Vaults:2 | Identified the +1 scale mail of Hysteria {MP-9 Dex+2
                  | Stlth+}
 29988 | Vaults:2 | 29988 ||| INVOKING Heroism.
 29989 | Vaults:2 | 29989 ||| INVOKING Finesse.
 30142 | Vaults:3 | 30142 ||| Stepping ~*~*~tactically~*~*~ (stealth).
 30177 | Vaults:3 | 30177 ||| INVOKING Heroism.
 30178 | Vaults:3 | 30178 ||| INVOKING Finesse.
 30199 | Vaults:3 | Received a gift from Okawaru
 30292 | Vaults:3 | 30292 ||| Stepping ~*~*~tactically~*~*~ (stealth).
 30341 | Vaults:3 | 30341 ||| FLEEEEING.
 30342 | Vaults:3 | 30342 ||| FLEEEEING.
 30349 | Vaults:3 | 30349 ||| FLEEEEING.
 30350 | Vaults:3 | 30350 ||| FLEEEEING.
 30351 | Vaults:3 | 30351 ||| STAIRDANCE
 30465 | Vaults:3 | 30465 ||| INVOKING Finesse.
 30481 | Vaults:3 | 30481 ||| FLEEEEING.
 30482 | Vaults:3 | 30482 ||| STAIRDANCE
 30601 | Vaults:3 | 30601 ||| INVOKING Finesse.
 30626 | Vaults:3 | 30626 ||| Stepping ~*~*~tactically~*~*~ (hiding).
 30629 | Vaults:3 | 30629 ||| Stepping ~*~*~tactically~*~*~ (hiding).
 30630 | Vaults:3 | 30630 ||| Stepping ~*~*~tactically~*~*~ (hiding).
 30636 | Vaults:3 | 30636 ||| Stepping ~*~*~tactically~*~*~ (hiding).
 30638 | Vaults:3 | 30638 ||| Stepping ~*~*~tactically~*~*~ (hiding).
 30716 | Vaults:3 | Received a gift from Okawaru
 30749 | Vaults:3 | 30749 ||| Stepping ~*~*~tactically~*~*~ (stealth).
 30756 | Vaults:3 | 30756 ||| Stepping ~*~*~tactically~*~*~ (stealth).
 30766 | Vaults:3 | 30766 ||| Stepping ~*~*~tactically~*~*~ (hiding).
 30803 | Vaults:3 | 30803 ||| INVOKING Heroism.
 30808 | Vaults:3 | Reached skill level 15 in Armour
 30808 | Vaults:3 | 30808 ||| INVOKING Finesse.
 30823 | Vaults:3 | Reached skill level 19 in Shields
 30937 | Vaults:3 | Reached XP level 20. HP: 134/134 MP: 27/27
 30940 | Vaults:3 | Received a gift from Okawaru
 30960 | Vaults:3 | 30960 ||| FLEEEEING.
 30967 | Vaults:3 | Reached skill level 6 in Dodging
 30999 | Vaults:3 | 30999 ||| Stepping ~*~*~tactically~*~*~ (hiding).
 31001 | Vaults:3 | 31001 ||| Stepping ~*~*~tactically~*~*~ (hiding).
 31014 | Vaults:3 | 31014 ||| Stepping ~*~*~tactically~*~*~ (hiding).
 31204 | Vaults:3 | 31204 ||| Stepping ~*~*~tactically~*~*~ (stealth).
 31292 | Vaults:3 | Found Uraimox's Jewellery Emporium.
 31295 | Vaults:3 | 31295 ||| BUYING ring of ice (450 gold).
 31295 | Vaults:3 | Bought a ring of ice for 450 gold pieces
 31295 | Vaults:3 | 31295 ||| BUYING ring of protection from fire (450 gold).
 31295 | Vaults:3 | Bought a ring of protection from fire for 450 gold pieces
 31317 | Vaults:3 | 31317 ||| Stepping ~*~*~tactically~*~*~ (stealth).
 31421 | Vaults:3 | Found Cugof's General Store.
 31500 | Vaults:3 | 31500 ||| Stepping ~*~*~tactically~*~*~ (stealth).
 31504 | Vaults:3 | 31504 ||| Stepping ~*~*~tactically~*~*~ (stealth).
 31518 | Vaults:3 | Received a gift from Okawaru
 31581 | Vaults:3 | 31581 ||| Stepping ~*~*~tactically~*~*~ (stealth).
 31584 | Vaults:3 | 31584 ||| Stepping ~*~*~tactically~*~*~ (stealth).
 31585 | Vaults:3 | 31585 ||| Stepping ~*~*~tactically~*~*~ (stealth).
 31586 | Vaults:3 | 31586 ||| Stepping ~*~*~tactically~*~*~ (stealth).
 31587 | Vaults:3 | 31587 ||| Stepping ~*~*~tactically~*~*~ (stealth).
 31588 | Vaults:3 | 31588 ||| Stepping ~*~*~tactically~*~*~ (stealth).
 31648 | Vaults:3 | 31648 ||| Stepping ~*~*~tactically~*~*~ (hiding).
 31649 | Vaults:3 | 31649 ||| Stepping ~*~*~tactically~*~*~ (hiding).
 31651 | Vaults:3 | 31651 ||| Stepping ~*~*~tactically~*~*~ (hiding).
 31652 | Vaults:3 | 31652 ||| Stepping ~*~*~tactically~*~*~ (hiding).
 31653 | Vaults:3 | 31653 ||| Stepping ~*~*~tactically~*~*~ (hiding).
 31785 | Vaults:3 | Found a staircase to the Crypt.
 31819 | Vaults:3 | 31819 ||| Stepping ~*~*~tactically~*~*~ (hiding).
 31945 | Vaults:3 | 31945 ||| DROPPING amulet of guardian spirit.
 31946 | Vaults:3 | 31946 ||| DROPPING ring of fire.
 31947 | Vaults:3 | 31947 ||| DRINKING 2 inky potions.
 32006 | Vaults:4 | Found Qadeisam's Antique Armour Shop.
 32024 | Vaults:4 | 32024 ||| Stepping ~*~*~tactically~*~*~ (hiding).
 32025 | Vaults:4 | 32025 ||| Stepping ~*~*~tactically~*~*~ (hiding).
 32026 | Vaults:4 | 32026 ||| Stepping ~*~*~tactically~*~*~ (hiding).
 32035 | Vaults:4 | Received a gift from Okawaru
 32155 | Vaults:4 | 32155 ||| INVOKING Finesse.
 32313 | Vaults:4 | Received a gift from Okawaru
 32369 | Vaults:4 | 32369 ||| Stepping ~*~*~tactically~*~*~ (hiding).
 32394 | Vaults:4 | Received a gift from Okawaru
 32566 | Vaults:4 | 32566 ||| Stepping ~*~*~tactically~*~*~ (stealth).
 32571 | Vaults:4 | 32571 ||| Stepping ~*~*~tactically~*~*~ (stealth).
 32656 | Vaults:4 | 32656 ||| Stepping ~*~*~tactically~*~*~ (hiding).
 32658 | Vaults:4 | 32658 ||| Stepping ~*~*~tactically~*~*~ (hiding).
 32660 | Vaults:4 | 32660 ||| Stepping ~*~*~tactically~*~*~ (hiding).
 32808 | Vaults:4 | Reached skill level 18 in Fighting
 33199 | Vaults:4 | 33199 ||| Stepping ~*~*~tactically~*~*~ (hiding).
 33207 | Vaults:4 | Received a gift from Okawaru
 33313 | Vaults:4 | 33313 ||| Stepping ~*~*~tactically~*~*~ (stealth).
 33320 | Vaults:4 | 33320 ||| Stepping ~*~*~tactically~*~*~ (hiding).
 33385 | Vaults:4 | 33385 ||| PLANNING SHOALS:4
 38296 | Vaults:1 | 38296 ||| PLANNING SHOALS:4
 38359 | Vaults:1 | 38359 ||| PLANNING SHOALS:4
 38559 | Shoals:4 | Entered Level 4 of the Shoals
 38687 | Shoals:4 | 38687 ||| Stepping ~*~*~tactically~*~*~ (stealth).
 38842 | Shoals:4 | 38842 ||| Stepping ~*~*~tactically~*~*~ (hiding).
 38979 | Shoals:4 | 38979 ||| INVOKING Heroism.
 38980 | Shoals:4 | 38980 ||| INVOKING Finesse.
 39067 | Shoals:4 | Got a barnacled rune of Zot
 39109 | Shoals:4 | 39109 ||| INVOKING Heroism.
 39131 | Shoals:4 | Reached XP level 21. HP: 129/141 MP: 28/28
 39148 | Shoals:4 | 39148 ||| Stepping ~*~*~tactically~*~*~ (cloud).
 39263 | Shoals:4 | 39263 ||| Stepping ~*~*~tactically~*~*~ (hiding).
 39564 | Shoals:4 | 39564 ||| PLANNING DEPTHS
 39787 | Depths:1 | Entered Level 1 of the Depths
 39831 | Depths:1 | 39831 ||| INVOKING Heroism.
 39866 | Depths:1 | 39866 ||| Stepping ~*~*~tactically~*~*~ (hiding).
 39882 | Depths:1 | 39882 ||| INVOKING Finesse.
 39897 | Depths:1 | Reached skill level 20 in Shields
 39913 | Depths:1 | 39913 ||| Stepping ~*~*~tactically~*~*~ (stealth).
 39960 | Depths:1 | 39960 ||| Stepping ~*~*~tactically~*~*~ (stealth).
 39987 | Depths:1 | Found a one-way gateway to a ziggurat.
 39987 | Depths:1 | Noticed a dread lich
 40080 | Depths:1 | 40080 ||| Stepping ~*~*~tactically~*~*~ (hiding).
 40210 | Depths:1 | 40210 ||| Stepping ~*~*~tactically~*~*~ (stealth).
 40237 | Depths:1 | Received a gift from Okawaru
 40238 | Depths:1 | 40238 ||| FLEEEEING.
 40260 | Depths:1 | Found Bepaa's Jewellery Shoppe.
 40261 | Depths:1 | 40261 ||| Stepping ~*~*~tactically~*~*~ (hiding).
 40262 | Depths:1 | 40262 ||| INVOKING Heroism.
 40263 | Depths:1 | 40263 ||| INVOKING Finesse.
 40305 | Depths:1 | 40305 ||| SHOPLISTING +4 ring of slaying (1560 gold, have
                  | 1061).
 40305 | Depths:1 | 40305 ||| SHOPLISTING ring of Qetenaro {rElec Int+2 Dex+2
                  | Slay+4} (2004 gold, have 1061).
 40329 | Depths:1 | Found a runed translucent door.
 40412 | Depths:1 | You are sucked into a shaft and drop 1 floor!
 40414 | Depths:2 | 40414 ||| Stepping ~*~*~tactically~*~*~ (stealth).
 40415 | Depths:2 | 40415 ||| Stepping ~*~*~tactically~*~*~ (stealth).
 40511 | Depths:2 | Found Kylloy's Jewellery Boutique.
 40512 | Depths:2 | Found Lahaluh's Book Emporium.
 40513 | Depths:2 | Found Laagh's Jewellery Boutique.
 40519 | Depths:2 | 40519 ||| BUYING amulet of reflection (660 gold).
 40519 | Depths:2 | Bought an amulet of reflection for 660 gold pieces
 40519 | Depths:2 | 40519 ||| SHOPLISTING ring of protection from cold (550
                  | gold, have 428).
 40523 | Depths:2 | 40523 ||| SHOPLISTING +4 ring of protection (684 gold, have
                  | 428).
 40523 | Depths:2 | 40523 ||| SHOPLISTING amulet of faith (760 gold, have 428).
 40560 | Depths:2 | 40560 ||| Stepping ~*~*~tactically~*~*~ (hiding).
 40573 | Depths:2 | Received a gift from Okawaru
 40577 | Depths:2 | 40577 ||| UPGRADING to amulet of reflection.
 40580 | Depths:2 | 40580 ||| INVOKING Finesse.
 40583 | Depths:2 | 40583 ||| UPGRADING to amulet of reflection.
 40650 | Depths:2 | Received a gift from Okawaru
 40662 | Depths:2 | 40662 ||| UPGRADING to amulet of regeneration.
 40667 | Depths:2 | 40667 ||| UPGRADING to amulet of reflection.
 40677 | Depths:2 | 40677 ||| DROPPING amulet of regeneration.
 40680 | Depths:2 | Found a corrupted altar of Lugonu.
 40682 | Depths:2 | Found a one-way gate to the infinite horrors of the Abyss.
 40761 | Depths:1 | 40761 ||| Stepping ~*~*~tactically~*~*~ (stealth).
 40762 | Depths:1 | 40762 ||| Stepping ~*~*~tactically~*~*~ (stealth).
 40827 | Depths:1 | 40827 ||| Stepping ~*~*~tactically~*~*~ (hiding).
 40942 | Depths:1 | 40942 ||| Stepping ~*~*~tactically~*~*~ (hiding).
 40944 | Depths:1 | 40944 ||| Stepping ~*~*~tactically~*~*~ (hiding).
 41116 | Depths:1 | Found a gateway to Hell.
 41274 | Depths:2 | Noticed Grunn
 41275 | Depths:2 | 41275 ||| INVOKING Heroism.
 41276 | Depths:2 | 41276 ||| INVOKING Finesse.
 41295 | Depths:2 | Reached skill level 18 in Armour
 41296 | Depths:2 | Received a gift from Okawaru
 41298 | Depths:2 | Killed Grunn
 41308 | Depths:2 | 41308 ||| Stepping ~*~*~tactically~*~*~ (stealth).
 41309 | Depths:2 | 41309 ||| Stepping ~*~*~tactically~*~*~ (stealth).
 41332 | Depths:2 | 41332 ||| Stepping ~*~*~tactically~*~*~ (stealth).
 41356 | Depths:2 | 41356 ||| Stepping ~*~*~tactically~*~*~ (stealth).
 41358 | Depths:2 | 41358 ||| Stepping ~*~*~tactically~*~*~ (stealth).
 41454 | Depths:2 | Found a one-way gate leading to the halls of Pandemonium.
 41582 | Depths:2 | 41582 ||| INVOKING Heroism.
 41583 | Depths:2 | 41583 ||| INVOKING Finesse.
 41845 | Depths:2 | 41845 ||| Stepping ~*~*~tactically~*~*~ (hiding).
 41972 | Depths:2 | Found a hazy altar of Hepliaklqana.
 42029 | Depths:2 | Found a runed translucent door.
 42171 | Depths:2 | Received a gift from Okawaru
 42529 | Depths:3 | 42529 ||| INVOKING Heroism.
 42530 | Depths:3 | 42530 ||| INVOKING Finesse.
 42598 | Depths:3 | 42598 ||| Stepping ~*~*~tactically~*~*~ (hiding).
 42600 | Depths:3 | 42600 ||| Stepping ~*~*~tactically~*~*~ (hiding).
 42604 | Depths:3 | 42604 ||| INVOKING Heroism.
 42618 | Depths:3 | Received a gift from Okawaru
 42619 | Depths:3 | 42619 ||| INVOKING Finesse.
 42626 | Depths:3 | Reached XP level 22. HP: 95/145 MP: 23/29
 42649 | Depths:3 | Noticed a golden dragon
 42653 | Depths:3 | Noticed a juggernaut
 42682 | Depths:3 | Killed a golden dragon
 42687 | Depths:3 | Killed a juggernaut
 42696 | Depths:3 | HP: 34/152 [living spell/divine providence[a walking divine
                  | tome] (16)]
 42696 | Depths:3 | HP: 15/152 [stone giant (19)]
 42697 | Depths:3 | 42697 ||| READING 21 scrolls of teleportation.
 42697 | Depths:3 | HP: 4/152 [living spell/divine providence[a walking divine
                  | tome] (13)]
 42697 | Depths:3 | Killed from afar by a living spell

Levels and vault maps discovered:
D:1:      dpeg_arrival_simpleton_a, layout_loops_ring, serial_shops,
          nicolae_book_shop_shelving, minmay_misc_feat_enclosed
D:2:      layout_basic, serial_forest, infiniplex_forest_clump_long,
          infiniplex_forest_clump_medium, infiniplex_forest_lined_2,
          infiniplex_forest_end_2, infiniplex_forest_lined_1, basic_altar
D:3:      layout_loops_ring, lemuel_doored_altar,
          shapermc_ecumenical_altar_petra, roderic_batcave,
          chequers_serial_rivers_small_3, dk_noncrumbling_3, grunt_ministairs_5
D:4:      layout_gridville, ebering_ghost_gozag, minmay_diced_spiral
D:5:      layout_gridville
D:6:      layout_rooms, lemuel_crystal_altar, mainiacjoe_overflow_tiny_flanked,
          minmay_temple_entry_steel_oval, hangedman_abyss_or_decor_stagger,
          eino_tiny_chamber
D:7:      layout_loops_ring, chequers_temple_overflow_statue_of_worship,
          uniq_maggie
D:8:      layout_basic, fedhas_bush_and_centaur_altar,
          ebering_ghost_rock_garden, chequers_avenue, nicolae_figureground_pulse
D:9:      layout_cave_pools, mainiacjoe_overflow_catch_the_wave, david_orc_2
D:10:     layout_irregular_city, kennysheep_little_box,
          nicolae_elyvilon_temple_path, serial_column_ruins,
          column_ruins_square_large, column_ruins_grid_2,
          column_ruins_open_small, column_ruins_open_small,
          column_ruins_columns_straight, column_ruins_grid_1,
          column_ruins_grid_1, nicolae_kite_square_tiling_tiny, uniq_joseph,
          uniq_harold
D:11:     layout_rooms, hellmonk_lair_entry_icy, serial_shops,
          nicolae_square_shop
D:12:     layout_irregular_city, minmay_tree_intersection, uniq_maurice,
          uniq_rupert
D:13:     layout_gridville, uniq_lodul, uniq_urug
D:14:     layout_gridville, skrybe_vaults_entry_preservation
D:15:     gammafunk_enter_depths_forms, layout_grid_maze, led_sif_pool,
          enter_trove_3
Temple:   nicolae_temple_ecumenical_triangle
Lair:1:   layout_roguey, beast_lair_carwin_10, lemuel_fruit_fields
Lair:2:   layout_gridlike, nicolae_spider_entry_tight_spaces
Lair:3:   layout_hall_layers, nicolae_shoals_entry_roost, kennysheep_rathole
Lair:4:   layout_layer_cave, grunt_megastairs_1, serial_bayou_shore_b
Lair:5:   gammafunk_lair_ancient_temple, layout_small_grid,
          minmay_slime_entry_jelly_boxes, nicolae_volcano_entry_two_sided,
          columned_hall_lemuel, dreamdust_wasp_nest, uniq_sonja
Shoals:1: layout_shoals, gammafunk_ghost_grave, uniq_jorgrun, uniq_aizul
Shoals:2: layout_shoals, uniq_kirke
Shoals:3: layout_shoals, serial_shops, shop, overgrown_hall, uniq_polyphemus
Shoals:4: shoals_end_grunt_ice, layout_shoals
Spider:1: layout_spider_delve, nicolae_spider_wall_of_niches
Spider:2: layout_spider_delve, nicolae_spider_bzzzt
Spider:3: layout_spider_delve, nicolae_spider_world_wide_web, uniq_arachne,
          uniq_donald
Spider:4: grunt_spider_rune_circles, uniq_mara
Orc:1:    layout_caves, serial_shops, shop, basic_altar, uniq_nergalle
Orc:2:    st_orc_rangers, layout_caves
Vaults:1: nicolae_vaults_corridor_and_loot_room, grunt_vaults_hallway_long,
          nicolae_vaults_border_crossing,
          nicolae_vaults_taking_the_gang_shopping, hangedman_vaults_stitches,
          nicolae_vaults_octothorpe, serial_ice_h, nicolae_vaults_tetromino_T_2,
          vaults_room_grunt_arrival_ludios, vaults_dpeg_emergency_exit,
          nicolae_vaults_closet_pinwheel_3, nicolae_vaults_diamond_2,
          layout_vaults_big_room
Vaults:2: v_misc_23, nicolae_vaults_little_squares_2, nicolae_vaults_two_Ls,
          nicolae_vaults_trapezoid_lopsided_3, v_rooms_3,
          nicolae_vaults_statue_guard, vaults_dpeg_ring,
          hangedman_vaults_stretched_pinwheel, nicolae_vaults_tetromino_T_1,
          nicolae_vaults_prndl, nicolae_vaults_tetromino_L_1, v_misc_16,
          layout_vaults_maze_snakey
Vaults:3: nicolae_vaults_security_offices_6, minmay_crypt_entry_simple_statues,
          nicolae_vaults_stairing_the_circle, nicolae_vaults_closet_pinwheel_2,
          nicolae_vaults_spaceships, vaults_room_grid, dpeg_vaults_monster_box,
          nicolae_vaults_sesquioval_fish, nicolae_vaults_three_branches,
          nicolae_vaults_trapezoid_4, layout_vaults_omnibox, serial_shops,
          nicolae_shop_tiny_real_fake_doors, nicolae_shop_back_alley_shop
Vaults:4: nicolae_vaults_storage_closets_3, grunt_vaults_funnel,
          v_alt_pattern_2, ontoclasm_vaults_idyll, v_misc_5,
          grunt_vaults_hallway_long, nicolae_vaults_ninety_degrees,
          hangedman_vaults_locks, nicolae_vaults_diamond_2, serial_ice_b,
          layout_vaults_ring, serial_shops, nicolae_shop_hallway_stairs
Depths:1: layout_roguey, enter_ziggurat_d, nicolae_wwwww,
          pf_hell_entry_tar_spiral, nrook_mini_vaults,
          minmay_shop_enchanted_jewellery, hangedman_aerie_drop
Depths:2: minmay_gate_of_8, layout_gridlike, abyss_entry_flame_altar,
          grunt_pan_entry_sceptre, nzn_hepliaklqana_mist_gate,
          grunt_hell_entry_dis_old, nicolae_water_bricks, minmay_shop_grove,
          infiniplex_staircase_split_hallway, uniq_grunn
Depths:3: minmay_crescents, layout_honeycomb, abyss_entry, hell_entry,
          serial_bayou_shore_b, minmay_staircase_bubble

Skill      XL: |  1  2  3  4  5  6  7  8  9 10 11 12 13 14 15 16 17 18 19 20 21 |
---------------+----------------------------------------------------------------+-----
Axes           | 2 3 4 5 6 7 8 9 11 12 14 15 16 18 | 18.0
Fighting       | 4 7 8 9 10 11 12 13 15 17 18 19 | 19.8
Armour         | 4 6 7 8 9 10 11 12 13 14 15 17 18 | 18.0
Dodging        | 1 2 3 4 5 6 8 |  8.0
Invocations    | 4 5 9 10 | 10.0
Throwing       | 1 2 7 8 9 10 11 | 11.0
Shields        | 4 6 10 11 12 13 14 16 19 20 | 20.4

Action                     |  1- 3 |  4- 6 |  7- 9 | 10-12 | 13-15 | 16-18 | 19-21 | 22-24 || total
---------------------------+-------+-------+-------+-------+-------+-------+-------+-------++-------
  Melee: War axe           |   104 |   216 |       |       |       |       |       |       ||   320
         Broad axe         |       |     9 |   149 |   387 |   859 |  1310 |  1438 |    68 ||  4220
         Morningstar       |       |       |       |       |     7 |       |       |       ||     7
  Throw: Boomerang         |       |       |    23 |       |    22 |   127 |    43 |       ||   215
         Javelin           |       |       |       |       |    39 |    80 |   194 |       ||   313
 Invoke: Heroism           |       |       |     3 |    17 |    23 |    33 |    13 |       ||    89
         Finesse           |       |       |       |       |     7 |     4 |    17 |       ||    28
    Use: Scroll            |     1 |    12 |     9 |     2 |     4 |     4 |       |     1 ||    33
         Potion            |     1 |     4 |       |       |       |       |     1 |       ||     6
 Armour: Scale mail        |    27 |       |       |       |       |       |       |       ||    27
         Chain mail        |    24 |   152 |       |       |       |       |       |       ||   176
         Plate armour      |       |     6 |    87 |   136 |   307 |   397 |   265 |    11 ||  1209
  Dodge: Dodged            |    41 |   123 |    44 |    83 |   169 |   322 |   203 |     6 ||   991
  Block: Buckler           |    14 |    41 |    32 |    42 |       |       |       |       ||   129
         Kite shield       |       |       |       |    35 |   306 |   537 |       |       ||   878
         Tower shield      |       |       |       |       |       |    26 |   614 |    29 ||   669

Table legend:
 A = Non-vault XP
 B = Vault XP
 C = Vault XP percentage of total XP
 D = Non-vault monster count
 E = Vault monster count
 F = Vault count percentage of total count
                 A         B        C        D         E       F
            +---------+---------+-------+---------+---------+-------
      Total |  379837 |  237959 |  38.5 |     972 |     452 |  31.7
            +---------+---------+-------+---------+---------+-------
        D:1 |      33 |       0 |   0.0 |      19 |       0 |   0.0
        D:2 |      81 |       0 |   0.0 |      25 |       0 |   0.0
        D:3 |     101 |      72 |  41.6 |      20 |      11 |  35.5
        D:4 |     205 |      16 |   7.2 |      14 |       6 |  30.0
        D:5 |     394 |       0 |   0.0 |      14 |       0 |   0.0
        D:6 |     530 |       0 |   0.0 |      14 |       0 |   0.0
        D:7 |    1308 |     379 |  22.5 |      17 |       1 |   5.6
        D:8 |     740 |     110 |  12.9 |      14 |       1 |   6.7
        D:9 |    1702 |      24 |   1.4 |      26 |       8 |  23.5
       D:10 |    1595 |    1311 |  45.1 |      13 |       2 |  13.3
       D:11 |    2572 |    1547 |  37.6 |      11 |      10 |  47.6
       D:12 |    5187 |    2184 |  29.6 |      25 |       2 |   7.4
       D:13 |    4227 |    2626 |  38.3 |      14 |      11 |  44.0
       D:14 |    6178 |    4809 |  43.8 |      11 |       9 |  45.0
       D:15 |    6906 |    6051 |  46.7 |      18 |      10 |  35.7
     Lair:1 |    4255 |    2844 |  40.1 |      15 |       9 |  37.5
     Lair:2 |    4781 |    1108 |  18.8 |      17 |       5 |  22.7
     Lair:3 |    2941 |    3318 |  53.0 |      13 |      19 |  59.4
     Lair:4 |    5487 |    3342 |  37.9 |      20 |       8 |  28.6
     Lair:5 |   25873 |    9157 |  26.1 |      54 |      35 |  39.3
   Shoals:1 |   20226 |    3157 |  13.5 |      38 |       2 |   5.0
   Shoals:2 |   11871 |    1446 |  10.9 |      23 |       1 |   4.2
   Shoals:3 |   15263 |    5920 |  27.9 |      34 |       6 |  15.0
   Shoals:4 |    7730 |   24523 |  76.0 |      17 |      33 |  66.0
   Spider:1 |   16184 |    3688 |  18.6 |      52 |       6 |  10.3
   Spider:2 |   19733 |    3121 |  13.7 |      49 |       6 |  10.9
   Spider:3 |   11664 |    8491 |  42.1 |      26 |      15 |  36.6
   Spider:4 |   15346 |   27093 |  63.8 |      39 |      44 |  53.0
      Orc:1 |    1943 |     779 |  28.6 |      23 |       1 |   4.2
      Orc:2 |    4999 |    6186 |  55.3 |      43 |      39 |  47.6
   Vaults:1 |   27243 |   21865 |  44.5 |      45 |      35 |  43.8
   Vaults:2 |   12543 |    3130 |  20.0 |      15 |       6 |  28.6
   Vaults:3 |   33013 |   41892 |  55.9 |      55 |      52 |  48.6
   Vaults:4 |   20002 |   19125 |  48.9 |      34 |      30 |  46.9
   Depths:1 |   20653 |    4025 |  16.3 |      28 |      14 |  33.3
   Depths:2 |   53694 |    8951 |  14.3 |      64 |       5 |   7.2
   Depths:3 |   12634 |   15669 |  55.4 |      13 |      10 |  43.5
            +---------+---------+-------+---------+---------+-------
